Workbook

Sheet CUSTO UNITÁRIO DAS LOJAS LOCAIS
A2: COTAÇÃO DE CUSTO UNITÁRIO DAS LOJAS DE MATERIAL DE CONSTRUÇÃO LOCAL
A5: PERFURAÇÃO DE 80 METROS LINEARES EM POÇO ARTESIANO COM DIÂMETRO DE 6"
A6: Item | B6: Descrição | C6: Unid. | D6: Quant. | E6: CASA DOS TUBOS & CONEXÕES CNPJ: 21.051.929/0001-10 | F6: FEIRÃO DA CONSTRUÇÃO CNPJ: 111.111.111-11 | G6: E.M.CORREIA DE AGUIAR EIRELI CNPJ: 33.662.337/0001-13 | H6: Valor Unitário da Média Proporcional sem BDI | I6: CÓDIGO DE REFERÊNCIA
E7: Código | F7: Código | G7: Código
E8: Valor Unitário sem BDI | F8: Valor Unitário sem BDI | G8: Valor Unitário sem BDI
A9: 1 | B9: TUBO GEO. 150x4mt, Ø6" LUPERPLAS. | C9: UND | D9: 1 | E9: 805 | F9: 805 | G9: 805 | H9: =(E10+F10+G10)/3 -> 389.33333 | I9: *COTAÇÃO LOCAL | K9: =H9 -> 389.33333
E10: 378 | F10: 390 | G10: 400
A11: 3 | B11: TUBO ROSCAVEL 1.1/2 LUPERPLAS | C11: UND | D11: 1 | E11: 1761 | F11: 1761 | G11: 1761 | H11: =(E12+F12+G12)/3 -> 91 | I11: *COTAÇÃO LOCAL | K11: =H11 -> 91
E12: 88 | F12: 90 | G12: 95
A13: 5 | B13: CORDA BRANCA TRANÇADA 12MM | C13: METRO | D13: 1 | E13: 1998 | F13: 1998 | G13: 1998 | H13: =(E14+F14+G14)/3 -> 3.8333333 | I13: *COTAÇÃO LOCAL | K13: =H13 -> 3.8333333
E14: 3.5 | F14: 4 | G14: 4
A15: 6 | B15: FITA VEDA ROSCA 18X50mts | C15: UNID | D15: 1 | E15: 9595 | F15: 9595 | G15: 9595 | H15: =(E16+F16+G16)/3 -> 8.3333333 | I15: *COTAÇÃO LOCAL | K15: =H15 -> 8.3333333
E16: 8 | F16: 8.5 | G16: 8.5
A17: 7 | B17: FITA AUTO FUSÃO 10M | C17: UNID | D17: 1 | E17: 1104 | F17: 1104 | G17: 1104 | H17: =(E18+F18+G18)/3 -> 38.333333 | I17: *COTAÇÃO LOCAL | K17: =H17 -> 38.333333
E18: 35 | F18: 40 | G18: 40
A19: 8 | B19: MOTOBOMBA LEÃO 5CV 4R8PB-18 350/38 | C19: UNID | D19: 1 | E19: 899 | F19: 899 | G19: 899 | H19: =(E20+F20+G20)/3 -> 6433.3333 | I19: *COTAÇÃO LOCAL | K19: =H19 -> 6433.3333
E20: 6350 | F20: 6500 | G20: 6450
A21: 9 | B21: FILTRO GEO STANDER 150X4MT - LUPERI | C21: UNID | D21: 1 | E21: 8159 | F21: 8159 | G21: 8159 | H21: =(E22+F22+G22)/3 -> 605.33333 | I21: *COTAÇÃO LOCAL | K21: =H21 -> 605.33333
E22: 600 | F22: 608 | G22: 608
A23: 10 | B23: Barra de Parafuso Ø 3/8'de Fonecimento e Execução. | C23: UNID | D23: 1 | E23: 1984 | F23: 1984 | G23: 1984 | H23: =(E24+F24+G24)/3 -> 8.3333333 | I23: *COTAÇÃO LOCAL | K23: =H23 -> 8.3333333
E24: 8 | F24: 9 | G24: 8
A25: 11 | B25: Porca Sextavada Ø 3/8' Fonecimento e Execução. | C25: UNID | D25: 1 | E25: 2032 | F25: 2032 | G25: 2032 | H25: =(E26+F26+G26)/3 -> 0.44666667 | I25: *COTAÇÃO LOCAL | K25: =H25 -> 0.44666667
E26: 0.35 | F26: 0.44 | G26: 0.55
A27: 12 | B27: Arruela Ø 3/8' Fonecimento e Execução. | C27: UND | D27: 1 | E27: 0.35 | F27: 0.44 | G27: 0.55 | H27: =(E28+F28+G28)/3 -> 0.43333333 | I27: *COTAÇÃO LOCAL | K27: =H27 -> 0.43333333
E28: 0.25 | F28: 0.55 | G28: 0.5
A29: CONSTRUÇÃO DA ESTRUTURA DE SUSTENTAÇÃO DO RESERVATÓRIO ELEVADO
A30: Item | B30: Descrição | C30: Unid. | D30: Quant. | E30: ESTANCIA TAPAJÓS CNPJ: 10.663.900/0001-72 | F30: ITAITUBA MADEIRAS CNPJ: 09.319.572/0001-02 | G30: MADEIREIRA FLORESTA CNPJ: 02.642.097/0001-61 | H30: Valor Unitário da Média Proporcional sem Mão de Obra e sem BDI | I30: Valor Unitário da Média Proporcional, incluindo 35% da Mão de Obra e sem BDI | J30: CÓDIGO DE REFERÊNCIA
E31: Código | F31: Código | G31: Código
E32: Valor Unitário sem BDI | F32: Valor Unitário sem BDI | G32: Valor Unitário sem BDI
A33: 1 | B33: Esteio em Madeira -> (0,25m x 0,25m x 7,00m) - Fonecimento e Execução. | C33: UNID | D33: 1 | E33: - | F33: - | G33: - | H33: =(E34+F34+G34)/3 -> 714.58333 | I33: =H33*1.35 -> 964.6875 | J33: *COTAÇÃO LOCAL | K33: =I33 -> 964.6875
E34: 700 | F34: 525 | G34: 918.75
A35: 2 | B35: Peça em Madeira -> (0,10m x 0,20m x 6,00m) - Fonecimento e Execução. | C35: UNID | D35: 1 | E35: - | F35: - | G35: - | H35: =(E36+F36+G36)/3 -> 188 | I35: =H35*1.35 -> 253.8 | J35: *COTAÇÃO LOCAL | K35: =I35 -> 253.8
E36: 192 | F36: 120 | G36: 252
A37: 3 | B37: Peça em Madeira -> (0,10m x 0,20m x 4,50m) - Fonecimento e Execução. | C37: UNID | D37: 1 | E37: - | F37: - | G37: - | H37: =(E38+F38+G38)/3 -> 151 | I37: =H37*1.35 -> 203.85 | J37: *COTAÇÃO LOCAL | K37: =I37 -> 203.85
E38: 156 | F38: 108 | G38: 189
A39: 4 | B39: Peça em Madeira -> (0,075m x 0,15m x 4,00m) - Fonecimento e Execução. | C39: UNID | D39: 1 | E39: - | F39: - | G39: - | H39: =(E40+F40+G40)/3 -> 61.833333 | I39: =H39*1.35 -> 83.475 | J39: *COTAÇÃO LOCAL | K39: =I39 -> 83.475
E40: 55 | F40: 54 | G40: 76.5
A41: 5 | B41: Peça em Madeira -> (0,06m x 0,12m x 4,50m) - Fonecimento e Execução. | C41: UNID | D41: 1 | E41: - | F41: - | G41: - | H41: =(E42+F42+G42)/3 -> 46.32 | I41: =H41*1.35 -> 62.532 | J41: *COTAÇÃO LOCAL | K41: =I41 -> 62.532
E42: 45 | F42: 38.88 | G42: 55.08
A43: 6 | B43: Pernamanca -> (0,075m x 0,05m x 5,00m) - Fonecimento e Execução. | C43: UNID | D43: 1 | E43: - | F43: - | G43: - | H43: =(E44+F44+G44)/3 -> 24.083333 | I43: =H43*1.35 -> 32.5125 | J43: *COTAÇÃO LOCAL | K43: =I43 -> 32.5125
E44: 16 | F44: 22.5 | G44: 33.75
A45: 7 | B45: Pranchinha -> (0,035m x 0,20m x 4,50m) - Fonecimento e Execução. | C45: UNID | D45: 1 | E45: - | F45: - | G45: - | H45: =(E46+F46+G46)/3 -> 46.783333 | I45: =H45*1.35 -> 63.1575 | J45: *COTAÇÃO LOCAL | K45: =I45 -> 63.1575
E46: 49 | F46: 37.8 | G46: 53.55
A47: 8 | B47: Tábua -> (0,025m x 0,20m x 4,50m) - Fonecimento e Execução. | C47: UNID | D47: 1 | E47: - | F47: - | G47: - | H47: =(E48+F48+G48)/3 -> 31.416667 | I47: =H47*1.35 -> 42.4125 | J47: *COTAÇÃO LOCAL | K47: =I47 -> 42.4125
E48: 29 | F48: 27 | G48: 38.25
A49: 9 | B49: Ripão -> (0,025m x 0,10m x 4,50m) - Fonecimento e Execução. | C49: UNID | D49: 1 | E49: - | F49: - | G49: - | H49: =(E50+F50+G50)/3 -> 15.55 | I49: =H49*1.35 -> 20.9925 | J49: *COTAÇÃO LOCAL | K49: =I49 -> 20.9925
E50: 14 | F50: 13.5 | G50: 19.15
A51: 10 | B51: Prego 17x27 | C51: UNID | D51: 1 | E51: - | F51: - | G51: - | H51: =(E52+F52+G52)/3 -> 13.476667 | I51: =H51*1.35 -> 18.1935 | J51: *COTAÇÃO LOCAL | K51: =I51 -> 18.1935
E52: 15 | F52: 14.25 | G52: 11.18
A53: 11 | B53: Prego 19x36 | C53: UNID | D53: 1 | E53: - | F53: - | G53: - | H53: =(E54+F54+G54)/3 -> 13.173333 | I53: =H53*1.35 -> 17.784 | J53: *COTAÇÃO LOCAL | K53: =I53 -> 17.784
E54: 15 | F54: 13.34 | G54: 11.18

Sheet POÇO ARTESIANO; RESERVATÓRIO 
A6: OBRA: ORÇAMENTO SINTÉTICO DE MATERIAL E MÃO DE OBRA PARA A PERFURAÇÃO DE 80 METROS LINEARES EM SOLO E ROCHAS SEDIMENTARES; TENDO COMO INCLUSÃO NESTA PLANILHA ORÇAMENTÁRIA A ÁREA DE PROTEÇÃO; RESERVATÓRIO ELEVADO E DISTRIBUIÇÃO LOCAL DE ÁGUA FRIA COM 05 (CINCO) TORNEIRAS PARA ATENDER AO PÚBLICO DAS PROXIMIDADES, QUE SERÁ IMPLANTADO NA COMUNIDADE AMAZONAS, LOCALIZADOS NO MUNICÍPIO DE ITAITUBA, ESTADO DO PARÁ.
A7: EMPRESA: | E7: CONCORRÊNCIA: | H7: CONTRATO:
A8: PROPRIETÁRIO: PREFEITURA MUNICIPAL DE ITAITUBA | D8: DATA DA VISTORIA: | H8: VALOR DA OBRA:
A9: LOCAL DA OBRA: | C9: COMUNIDADE AMAZONAS | H9: =F118 -> 110184.93
A10: ITEM | B10: DISCRIMINAÇÃO DOS SERVIÇOS | C10: UNID | D10: QUANT | E10: PREÇO | G10: TABELA SINAPI/PA - 08/2019 SEDOP/PA - 04/2019 | I10: B.D.I (%) | J10: CURVA DO ABC(%)
E11: UNITÁRIO COM BDI | F11: TOTAL | G11: Ref.Código | H11: UNITÁRIO SEM BDI | I11: 0.29
A12: 1.0 | B12: PERFURAÇÃO DO POÇO - 80 m | C12: TOTAL PARCIAL | F12: =SUM(F13,F18,F20,F22,F24,F38,F41) -> 68844.574
A13: 1.1 | B13: SERVIÇOS PRELIMINARES: | F13: =SUM(F14:F17) -> 7127.7263 | J13: =F13/F118% -> 6.468876
A14: 1.1.1 | B14: MOBILIZACAO E INSTALACAO DE 01 EQUIPAMENTO DE SONDAGEM, DISTANCIA DE 10KM ATE 20KM. | C14: und. | D14: 1 | E14: =H14*I14 -> 587.8272 | F14: =E14*D14 -> 587.8272 | G14: SINAPI 72872 | H14: ='CUSTO UNITÁRIO'!G15 -> 455.68 | I14: 1.29 | J14: =F16/F118% -> 0.89014411
A15: 1.1.2 | B15: LOCACAO CONVENCIONAL DE OBRA, UTILIZANDO GABARITO DE TÁBUAS CORRIDAS PONTALETADAS A CADA 2,00M - 2 UTILIZAÇÕES. | C15: m | D15: 120 | E15: =H15*I15 -> 44.924331 | F15: =E15*D15 -> 5390.9198 | G15: SINAPI 99059 | H15: ='CUSTO UNITÁRIO'!G29 -> 34.825063 | I15: 1.29 | J15: =F15/F118% -> 4.8926109
A16: 1.1.3 | B16: Placa da obra em chapa galvanizada. 2,00x1,20m. | C16: m² | D16: 2 | E16: =H16*I16 -> 490.40232 | F16: =E16*D16 -> 980.80465 | G16: SEDOP 010004 | H16: ='CUSTO UNITÁRIO'!G42 -> 380.15684 | I16: 1.29 | J16: =F14/F118% -> 0.53349148
A17: 1.1.4 | B17: LIMPEZA MANUAL DO TERRENO (C/ RASPAGEM SUPERFICIAL) | C17: m² | D17: 120 | E17: =H17*I17 -> 1.401456 | F17: =E17*D17 -> 168.17472 | G17: SINAPI 73859/2 | H17: ='CUSTO UNITÁRIO'!G46 -> 1.0864 | I17: 1.29 | J17: =F15/F118% -> 4.8926109
A18: 1.2 | B18: PERFURAÇÃO EM SOLO E ROCHAS SEDIMENTARES | F18: =SUM(F19) -> 4176.2563 | J18: =F18/F118% -> 3.7902247
A19: 1.2.1 | B19: Perfuração de poço com perfuratriz (com diâmetro DN 10 ") | C19: m | D19: 80 | E19: =H19*I19 -> 52.203204 | F19: =E19*D19 -> 4176.2563 | G19: SINAPI 74163/001 | H19: ='CUSTO UNITÁRIO'!G54 -> 40.4676 | I19: 1.29 | J19: =F19/F118% -> 3.7902247
A20: 1.3 | B20: PERFURAÇÃO EM ROCHA: | F20: =SUM(F21) -> 5918.9844 | J20: =F20/F118% -> 5.3718639
A21: 1.3.1 | B21: Perfuração de poço com perfuratriz à percussão (com diâmetro DN 8") | C21: m | D21: 70 | E21: =H21*I21 -> 84.55692 | F21: =E21*D21 -> 5918.9844 | G21: SINAPI 74163/002 | H21: ='CUSTO UNITÁRIO'!G60 -> 65.548 | I21: 1.29 | J21: =F21/F118% -> 5.3718639
A22: 1.4 | B22: ALARGAMENTO DO FURO: | F22: =SUM(F23) -> 3132.1922 | J22: =F22/F118% -> 2.8426685
A23: 1.4.1 | B23: Perfuração de poço com perfuratriz à percussão (com diâmetro DN10") | C23: m | D23: 60 | E23: =H23*I23 -> 52.203204 | F23: =E23*D23 -> 3132.1922 | G23: SINAPI 74163/002 | H23: ='CUSTO UNITÁRIO'!G68 -> 40.4676 | I23: 1.29 | J23: =F23/F118% -> 2.8426685
A24: 1.5 | B24: FORNECIMENTO E INSTALAÇÃO TUBO DE RECALQUE | F24: =SUM(F25:F37) -> 42088.972 | J24: =F24/F118% -> 38.198484
A25: 1.5.1 | B25: TUBO GEO. 150x4mt, Ø6". | C25: m | D25: 48 | E25: =H25*I25 -> 502.24 | F25: =E25*D25 -> 24107.52 | G25: *COTAÇÃO LOCAL | H25: ='CUSTO UNITÁRIO DAS LOJAS LOCAIS'!K9 -> 389.33333 | I25: 1.29 | J25: =F25/F118% -> 21.879145
A26: 1.5.2 | B26: MOTOBOMBA LEÃO 5CV 4R8PB-18 350/38 | C26: und. | D26: 1 | E26: =H26*I26 -> 8299 | F26: =E26*D26 -> 8299 | G26: *COTAÇÃO LOCAL | H26: ='CUSTO UNITÁRIO DAS LOJAS LOCAIS'!K19 -> 6433.3333 | I26: 1.29 | J26: =F26/F118% -> 7.5318831
A27: 1.5.3 | B27: TUBO ROSCAVEL 1.1/2. | C27: m | D27: 72 | E27: =H27*I27 -> 117.39 | F27: =E27*D27 -> 8452.08 | G27: *COTAÇÃO LOCAL | H27: ='CUSTO UNITÁRIO DAS LOJAS LOCAIS'!K11 -> 91 | I27: 1.29 | J27: =F27/F118% -> 7.6708132
A28: 1.5.4 | B28: CORDA BRANCA TRANÇADA 12MM | C28: m | D28: 90 | E28: =H28*I28 -> 4.945 | F28: =E28*D28 -> 445.05 | G28: *COTAÇÃO LOCAL | H28: ='CUSTO UNITÁRIO DAS LOJAS LOCAIS'!K13 -> 3.8333333 | I28: 1.29 | J28: =F28/F118% -> 0.40391187
A29: 1.5.5 | B29: FITA AUTO FUSÃO 10M | C29: und. | D29: 1 | E29: =H29*I29 -> 49.45 | F29: =E29*D29 -> 49.45 | G29: *COTAÇÃO LOCAL | H29: ='CUSTO UNITÁRIO DAS LOJAS LOCAIS'!K17 -> 38.333333 | I29: 1.29 | J29: =F29/F118% -> 0.044879096
A30: 1.5.6 | B30: FITA VEDA ROSCA 18X50mts | C30: und. | D30: 4 | E30: =H30*I30 -> 10.75 | F30: =E30*D30 -> 43 | G30: *COTAÇÃO LOCAL | H30: ='CUSTO UNITÁRIO DAS LOJAS LOCAIS'!K15 -> 8.3333333 | I30: 1.29 | J30: =F30/F118% -> 0.039025301
A31: 1.5.7 | B31: Luva F°G° de 1 1/2" (IE) | C31: und. | D31: 12 | E31: =H31*I31 -> 8.38629 | F31: =E31*D31 -> 100.63548 | G31: SEDOP 171044 | H31: ='CUSTO UNITÁRIO'!G75 -> 6.501 | I31: 1.29 | J31: =F31/F118% -> 0.091333254
A32: 1.5.8 | B32: UNIÃO, EM FERRO GALVANIZADO, DN 40 (1 1/2"), CONEXÃO ROSQUEADA, INSTALADO EM REDE DE ALIMENTAÇÃO - FORNECIMENTO E INSTALAÇÃO. AF_12/2015 | C32: und. | D32: 1 | E32: =H32*I32 -> 70.908836 | F32: =E32*D32 -> 70.908836 | G32: SINAPI 92894 | H32: ='CUSTO UNITÁRIO'!G83 -> 54.96809 | I32: 1.29 | J32: =F32/F118% -> 0.064354388
A33: 1.5.9 | B33: Curva 90° F°G° 1 1/2" (IE) | C33: und. | D33: 1 | E33: =H33*I33 -> 78.11466 | F33: =E33*D33 -> 78.11466 | G33: SEDOP 171263 | H33: ='CUSTO UNITÁRIO'!G90 -> 60.554 | I33: 1.29 | J33: =F33/F118% -> 0.070894143
A34: 1.5.10 | B34: NIPLE, EM FERRO GALVANIZADO, DN 40 (1 1/2"), CONEXÃO ROSQUEADA, INSTALADO EM REDE DE ALIMENTAÇÃO PARA HIDRANTE - FORNECIMENTO E INSTALAÇÃO. AF_12/2015 | C34: und. | D34: 2 | E34: =H34*I34 -> 38.478236 | F34: =E34*D34 -> 76.956472 | G34: SINAPI 92373 | H34: ='CUSTO UNITÁRIO'!G98 -> 29.82809 | I34: 1.29 | J34: =F34/F118% -> 0.069843012
A35: 1.5.11 | B35: VÁLVULA DE RETENÇÃO HORIZONTAL Ø 40MM (1.1/2") - FORNECIMENTO E INSTALAÇÃO. | C35: und. | D35: 1 | E35: =H35*I35 -> 161.91409 | F35: =E35*D35 -> 161.91409 | G35: SINAPI 73795/011 | H35: ='CUSTO UNITÁRIO'!G105 -> 125.5148 | I35: 1.29 | J35: =F35/F118% -> 0.14694759
A36: 1.5.12 | B36: REGISTRO DE GAVETA BRUTO, LATÃO, ROSCÁVEL, 1 1/2, INSTALADO EM RESERVAÇÃO DE ÁGUA DE EDIFICAÇÃO QUE POSSUA RESERVATÓRIO DE FIBRA/ FIBROCIMENTO FORNECIMENTO E INSTALAÇÃO. AF_06/2016. | C36: und. | D36: 1 | E36: =H36*I36 -> 109.63039 | F36: =E36*D36 -> 109.63039 | G36: SINAPI 94497 | H36: ='CUSTO UNITÁRIO'!G112 -> 84.9848 | I36: 1.29 | J36: =F36/F118% -> 0.099496722
A37: 1.5.13 | B37: ASSENTAMENTO DE TAMPAO DE FERRO FUNDIDO 600 MM - Tampa para poço Artesiano com furo Central de 1 1/2" | C37: und. | D37: 1 | E37: =H37*I37 -> 94.7118 | F37: =E37*D37 -> 94.7118 | G37: SINAPI 73607 | H37: ='CUSTO UNITÁRIO'!G119 -> 73.42 | I37: 1.29 | J37: =F37/F118% -> 0.085957128
A38: 1.6 | B38: FORNECIMENTO E INSTALAÇÃO DE FILTROS: | F38: =SUM(F39:F40) -> 3559.1633 | J38: =F38/F118% -> 3.2301726
A39: 1.6.1 | B39: FILTRO GEO STANDER 150X4MT - LUPERI | C39: und. | D39: 4 | E39: =H39*I39 -> 780.88 | F39: =E39*D39 -> 3123.52 | G39: *COTAÇÃO LOCAL | H39: ='CUSTO UNITÁRIO DAS LOJAS LOCAIS'!K21 -> 605.33333 | I39: 1.29 | J39: =F39/F118% -> 2.8347979
A40: 1.6.2 | B40: FORNECIMENTO E LANCAMENTO DE BRITA N. 4" | C40: m³ | D40: 4 | E40: =H40*I40 -> 108.91083 | F40: =E40*D40 -> 435.64332 | G40: SINAPI 6514 | H40: ='CUSTO UNITÁRIO'!G124 -> 84.427 | I40: 1.29 | J40: =F40/F118% -> 0.39537469
A41: 1.7 | B41: FORNECIMENTO E INSTALAÇÃO ELÉTRICAS DA BOMBA: | F41: =SUM(F42:F47) -> 2841.28 | J41: =F41/F118% -> 2.5786467
A42: 1.7.1 | B42: POSTE ACO CONICO CONTINUO CURVO SIMPLES SEM BASE C/JANELA 9M (INSPECAO) - FORNECIMENTO E INSTALACAO. | C42: unid. | D42: 1 | E42: =H42*I42 -> 1498.9671 | F42: =E42*D42 -> 1498.9671 | G42: SINAPI 73769/001 | H42: ='CUSTO UNITÁRIO'!G129 -> 1161.99 | I42: 1.29 | J42: =F42/F118% -> 1.3604103
A43: 1.7.2 | B43: Cabo multiplex 4 x 16mm² | C43: m | D43: 90 | E43: =H43*I43 -> 10.971192 | F43: =E43*D43 -> 987.40728 | G43: SEDOP 170940 | H43: ='CUSTO UNITÁRIO'!G136 -> 8.5048 | I43: 1.29 | J43: =F43/F118% -> 0.89613643
A44: 1.7.3 | B44: DISJUNTOR BIPOLAR TIPO DIN, CORRENTE NOMINAL DE 20A - FORNECIMENTO E INSTALAÇÃO. AF_04/2016 | C44: m | D44: 2 | E44: =H44*I44 -> 52.740786 | F44: =E44*D44 -> 105.48157 | G44: SINAPI 93662 | H44: ='CUSTO UNITÁRIO'!G143 -> 40.88433 | I44: 1.29 | J44: =F44/F118% -> 0.095731397
A45: 1.7.4 | B45: Centro de distribuição p/ 06 disjuntores (s/ barramento). | C45: und. | D45: 1 | E45: =H45*I45 -> 69.8535 | F45: =E45*D45 -> 69.8535 | G45: SEDOP 170884 | H45: ='CUSTO UNITÁRIO'!G150 -> 54.15 | I45: 1.29 | J45: =F45/F118% -> 0.063396602
A46: 1.7.5 | B46: ELETRODUTO RÍGIDO ROSCÁVEL, PVC, DN 50 MM (1 1/2") - FORNECIMENTO E INSTALAÇÃO. AF_12/2015. | C46: m | D46: 6 | E46: =H46*I46 -> 12.157115 | F46: =E46*D46 -> 72.942689 | G46: SINAPI 93008 | H46: ='CUSTO UNITÁRIO'!G156 -> 9.42412 | I46: 1.29 | J46: =F46/F118% -> 0.066200242
A47: 1.7.6 | B47: HASTE DE ATERRAMENTO 5/8 PARA SPDA - FORNECIMENTO E INSTALAÇÃO. | C47: unid. | D47: 2 | E47: =H47*I47 -> 53.313934 | F47: =E47*D47 -> 106.62787 | G47: SINAPI 96985 | H47: ='CUSTO UNITÁRIO'!G162 -> 41.328631 | I47: 1.29 | J47: =F47/F118% -> 0.096771736
A48: 2.0 | B48: ÁREA DE PROTEÇÃO; RESERVATÓRIO ELEVADO E DISTRIBUIÇÃO LOCAL DE ÁGUA FRIA. | C48: TOTAL PARCIAL | F48: =SUM(F49,F52,F54,F56,F58,F63,F68,F88,F91,F101,F107,F109,F113) -> 41340.354 | J48: =F48/F118% -> 37.519064
A49: 2.1 | B49: MOVIMENTO DE TERRA: | F49: =SUM(F50:F51) -> 1455.4114 | J49: =F49/F118% -> 1.3208807
A50: 2.1.1 | B50: Escavação manual ate 1.50m de profundidade. | C50: m³ | D50: 5.815 | E50: =H50*I50 -> 1.401456 | F50: =E50*D50 -> 8.1494666 | G50: SEDOP 030010 | H50: ='CUSTO UNITÁRIO'!G166 -> 1.0864 | I50: 1.29 | J50: =F50/F118% -> 0.0073961718
A51: 2.1.2 | B51: LASTRO COM PREPARO DE FUNDO, LARGURA MAIOR OU IGUAL A 1,5 M, COM CAMADA DE BRITA, LANÇAMENTO MANUAL, EM LOCAL COM NÍVEL BAIXO DE INTERFERÊNCIA. AF_06/2016. (Área Interna do Terreno do Reservatório). | C51: m³ | D51: 7.36 | E51: =H51*I51 -> 196.63885 | F51: =E51*D51 -> 1447.262 | G51: SINAPI 94107 | H51: ='CUSTO UNITÁRIO'!G174 -> 152.43322 | I51: 1.29 | J51: =F51/F118% -> 1.3134845
A52: 2.2 | B52: INFRAESTRUTURA: | F52: =SUM(F53) -> 1503.9431 | J52: =F52/F118% -> 1.3649264
A53: 2.2.1 | B53: CONCRETO CICLOPICO FCK=10MPA 30% PEDRA DE MAO INCLUSIVE LANCAMENTO. | C53: m³ | D53: 3.24 | E53: =H53*I53 -> 464.17998 | F53: =E53*D53 -> 1503.9431 | G53: SINAPI 73361 | H53: ='CUSTO UNITÁRIO'!G184 -> 359.82944 | I53: 1.29 | J53: =F53/F118% -> 1.3649264
A54: 2.3 | B54: ESTRUTURA: | F54: =SUM(F55) -> 169.98201 | J54: =F54/F118% -> 0.15426975
A55: 2.3.1 | B55: CONCRETO ARMADO FCK=20MPA C/ FORMA MAD. BRANCA | C55: m³ | D55: 0.06 | E55: =H55*I55 -> 2833.0335 | F55: =E55*D55 -> 169.98201 | G55: SEDOP 050729 | H55: ='CUSTO UNITÁRIO'!G192 -> 2196.15 | I55: 1.29 | J55: =F55/F118% -> 0.15426975
A56: 2.4 | B56: PAREDES E PAINÉIS: | F56: =SUM(F57) -> 1321.3833 | J56: =F56/F118% -> 1.1992414
A57: 2.4.1 | B57: Alvenaria tijolo de barro a cutelo. | C57: m² | D57: 21.6 | E57: =H57*I57 -> 61.175154 | F57: =E57*D57 -> 1321.3833 | G57: SEDOP 60046 | H57: ='CUSTO UNITÁRIO'!G200 -> 47.4226 | I57: 1.29 | J57: =F57/F118% -> 1.1992414
A58: 2.5 | B58: REVESTIMENTO: | F58: =SUM(F59:F62) -> 2836.8113 | J58: =F58/F118% -> 2.5745911
A59: 2.5.1 | B59: Chapisco de cimento e areia no traço 1:3 | C59: m² | D59: 36.76 | E59: =H59*I59 -> 11.065814 | F59: =E59*D59 -> 406.7793 | G59: SEDOP 110143 | H59: ='CUSTO UNITÁRIO'!G207 -> 8.57815 | I59: 1.29 | J59: =F59/F118% -> 0.36917872
A60: 2.5.2 | B60: Emboço com argamassa 1:6:Adit. Plast. | C60: m² | D60: 7.2 | E60: =H60*I60 -> 38.079832 | F60: =E60*D60 -> 274.17479 | G60: SEDOP 110762 | H60: ='CUSTO UNITÁRIO'!G214 -> 29.51925 | I60: 1.29 | J60: =F60/F118% -> 0.24883149
A61: 2.5.3 | B61: Reboco com argamassa 1:6:Adit. Plast. | C61: m² | D61: 35.38 | E61: =H61*I61 -> 44.906642 | F61: =E61*D61 -> 1588.797 | G61: SEDOP 110763 | H61: ='CUSTO UNITÁRIO'!G221 -> 34.81135 | I61: 1.29 | J61: =F61/F118% -> 1.4419368
A62: 2.5.4 | B62: Revestimento Cerâmico Padrão Médio | C62: m² | D62: 7.2 | E62: =H62*I62 -> 78.75837 | F62: =E62*D62 -> 567.06026 | G62: SEDOP 110644 | H62: ='CUSTO UNITÁRIO'!G230 -> 61.053 | I62: 1.29 | J62: =F62/F118% -> 0.51464413
A63: 2.6 | B63: INSTALAÇÕES ELÉTRICA DO RESEVATÓRIO E PROTEÇÃO. | F63: =SUM(F64:F67) -> 290.77471 | J63: =F63/F118% -> 0.26389699
A64: 2.6.1 | B64: PONTO DE ILUMINAÇÃO RESIDENCIAL INCLUINDO INTERRUPTOR SIMPLES CONJUGADO COM PARALELO, CAIXA ELÉTRICA, ELETRODUTO, CABO, RASGO, QUEBRA E CHUMBAMENTO (EXCLUINDO LUMINÁRIA E LÂMPADA). AF_01/2016 | C64: unid. | D64: 1 | E64: =H64*I64 -> 121.26806 | F64: =E64*D64 -> 121.26806 | G64: SINAPI 93128 | H64: ='CUSTO UNITÁRIO'!G242 -> 94.00625 | I64: 1.29 | J64: =F64/F118% -> 0.11005867
A65: 2.6.2 | B65: DISJUNTOR TERMOMAGNETICO MONOPOLAR PADRAO NEMA (AMERICANO) 10 A 30A 240V, FORNECIMENTO E INSTALACAO. | C65: unid. | D65: 2 | E65: =H65*I67 -> 13.069313 | F65: =E65*D65 -> 26.138625 | G65: SINAPI 74130/001 | H65: ='CUSTO UNITÁRIO'!G247 -> 10.13125 | I65: 1.29 | J65: =F65/F118% -> 0.023722505
A66: 2.6.3 | B66: Centro de distribuição p/ 03 disjuntores (s/ barramento). | C66: unid. | D66: 1 | E66: =H66*I66 -> 52.47462 | F66: =E66*D66 -> 52.47462 | G66: SEDOP 170866 | H66: ='CUSTO UNITÁRIO'!G254 -> 40.678 | I66: 1.29 | J66: =F66/F118% -> 0.047624136
A67: 2.6.4 | B67: Isolador roldana 72x72 | C67: unid. | D67: 4 | E67: =H67*I67 -> 22.72335 | F67: =E67*D67 -> 90.8934 | G67: SEDOP 171175 | H67: ='CUSTO UNITÁRIO'!G261 -> 17.615 | I67: 1.29 | J67: =F67/F118% -> 0.082491681
A68: 2.7 | B68: INSTALAÇÕES HIDROSANITÁRIA DO RESERVATÓRIO | F68: =SUM(F69:F87) -> 10756.132 | J68: =F68/F118% -> 9.7618906
A69: 2.7.1 | B69: PONTO DE CONSUMO TERMINAL DE ÁGUA FRIA (SUBRAMAL) COM TUBULAÇÃO DE PVC, DN 25 mm, INSTALADO EM RAMAL DE ÁGUA, INCLUSOS RASGO E CHUMBAMENTO EM ALVENARIA. AF_12/2014 | C69: unid. | D69: 5 | E69: =H69*I69 -> 116.50158 | F69: =E69*D69 -> 582.50789 | G69: SINAPI 89957 | H69: ='CUSTO UNITÁRIO'!G270 -> 90.3113 | I69: 1.29 | J69: =F69/F118% -> 0.52866385
A70: 2.7.2 | B70: REGISTRO DE ESFERA, PVC, SOLDÁVEL, DN 60 MM, INSTALADO EM RESERVAÇÃODE ÁGUA DE EDIFICAÇÃO QUE POSSUA RESERVATÓRIO DE FIBRA/FIBROCIMENTOFORNECIMENTO E INSTALAÇÃO. AF_06/2016. | C70: unid. | D70: 2 | E70: =H70*I70 -> 74.802804 | F70: =E70*D70 -> 149.60561 | G70: SINAPI 94493 | H70: ='CUSTO UNITÁRIO'!G279 -> 57.98667 | I70: 1.29 | J70: =F70/F118% -> 0.13577684
A71: 2.7.3 | B71: CURVA 90 GRAUS, PVC, SOLDÁVEL, DN 60MM, INSTALADO EM PRUMADA DE ÁGUA - FORNECIMENTO E INSTALAÇÃO. AF_12/2014. | C71: unid. | D71: 3 | E71: =H71*I71 -> 40.324162 | F71: =E71*D71 -> 120.97248 | G71: SINAPI 89507 | H71: ='CUSTO UNITÁRIO'!G288 -> 31.25904 | I71: 1.29 | J71: =F71/F118% -> 0.10979041
A72: 2.7.4 | B72: CURVA 90 GRAUS, PVC, SOLDÁVEL, DN 50MM, INSTALADO EM PRUMADA DE ÁGUA - FORNECIMENTO E INSTALAÇÃO. AF_12/2014. | C72: unid. | D72: 2 | E72: =H72*I72 -> 19.467751 | F72: =E72*D72 -> 38.935502 | G72: SINAPI 89503 | H72: ='CUSTO UNITÁRIO'!G297 -> 15.09128 | I72: 1.29 | J72: =F72/F118% -> 0.035336505
A73: 2.7.5 | B73: TUBO, PVC, SOLDÁVEL, DN 60MM, INSTALADO EM PRUMADA DE ÁGUA - FORNECIMENTO E INSTALAÇÃO. AF_12/2014. | C73: m | D73: 3 | E73: =H73*I73 -> 22.945914 | F73: =E73*D73 -> 68.837741 | G73: SINAPI 89450 | H73: ='CUSTO UNITÁRIO'!G304 -> 17.78753 | I73: 1.29 | J73: =F73/F118% -> 0.062474734
A74: 2.7.6 | B74: JOELHO 90 GRAUS, PVC, SOLDÁVEL, DN 60MM, INSTALADO EM PRUMADA DE ÁGUA- FORNECIMENTO E INSTALAÇÃO. AF_12/2014. | C74: unid. | D74: 3 | E74: =H74*I74 -> 28.997962 | F74: =E74*D74 -> 86.993885 | G74: SINAPI 89505 | H74: ='CUSTO UNITÁRIO'!G313 -> 22.47904 | I74: 1.29 | J74: =F74/F118% -> 0.078952617
A75: 2.7.7 | B75: TUBO, PVC, SOLDÁVEL, DN 50MM, INSTALADO EM PRUMADA DE ÁGUA - FORNECIMENTO E INSTALAÇÃO. AF_12/2014. | C75: m | D75: 2 | E75: =H75*I75 -> 13.950228 | F75: =E75*D75 -> 27.900455 | G75: SINAPI 89449 | H75: ='CUSTO UNITÁRIO'!G320 -> 10.81413 | I75: 1.29 | J75: =F75/F118% -> 0.025321481
A76: 2.7.8 | B76: LUVA DE REDUÇÃO, PVC, SOLDÁVEL, DN 50MM X 25MM, INSTALADO EM PRUMADA DE ÁGUA FORNECIMENTO E INSTALAÇÃO. AF_12/2014. | C76: unid. | D76: 1 | E76: =H76*I76 -> 9.163902 | F76: =E76*D76 -> 9.163902 | G76: SINAPI 89579 | H76: ='CUSTO UNITÁRIO'!G329 -> 7.1038 | I76: 1.29 | J76: =F76/F118% -> 0.008316838
A77: 2.7.9 | B77: LUVA DE REDUÇÃO, PVC, SOLDÁVEL, DN 60MM X 50MM, INSTALADO EM PRUMADA DE ÁGUA - FORNECIMENTO E INSTALAÇÃO. AF_12/2014. | C77: unid. | D77: 1 | E77: =H77*I77 -> 16.192145 | F77: =E77*D77 -> 16.192145 | G77: SINAPI 89605 | H77: ='CUSTO UNITÁRIO'!G338 -> 12.55205 | I77: 1.29 | J77: =F77/F118% -> 0.014695426
A78: 2.7.10 | B78: TUBO, PVC, SOLDÁVEL, DN 25MM, INSTALADO EM PRUMADA DE ÁGUA - FORNECIMENTO E INSTALAÇÃO. AF_12/2014. | C78: m | D78: 24 | E78: =H78*I78 -> 3.8313 | F78: =E78*D78 -> 91.9512 | G78: SINAPI 89446 | H78: ='CUSTO UNITÁRIO'!G344 -> 2.97 | I78: 1.29 | J78: =F78/F118% -> 0.083451704
A79: 2.7.11 | B79: Joelho/Cotovelo 90º PVC SRM - 25mm X 1/2" (LH) | C79: unid. | D79: 8 | E79: =H79*I79 -> 14.127113 | F79: =E79*D79 -> 113.0169 | G79: SEDOP 180220 | H79: ='CUSTO UNITÁRIO'!G353 -> 10.95125 | I79: 1.29 | J79: =F79/F118% -> 0.1025702
A80: 2.7.12 | B80: Tê em PVC - SRM - 25mm x 1/2" (LH) | C80: unid. | D80: 7 | E80: =H80*I80 -> 18.662882 | F80: =E80*D80 -> 130.64017 | G80: SEDOP 181401 | H80: ='CUSTO UNITÁRIO'!G362 -> 14.46735 | I80: 1.29 | J80: =F80/F118% -> 0.11856446
A81: 2.7.13 | B81: Tê em PVC - JS - 25mm-LH | C81: unid. | D81: 1 | E81: =H81*I81 -> 8.5204113 | F81: =E81*D81 -> 8.5204113 | G81: SEDOP 180434 | H81: ='CUSTO UNITÁRIO'!G371 -> 6.60497 | I81: 1.29 | J81: =F81/F118% -> 0.0077328283
A82: 2.7.14 | B82: Torneira plastica de 1/2" | C82: unid. | D82: 5 | E82: =H82*I82 -> 18.040908 | F82: =E82*D82 -> 90.20454 | G82: SEDOP 190230 | H82: ='CUSTO UNITÁRIO'!G379 -> 13.9852 | I82: 1.29 | J82: =F82/F118% -> 0.081866496
A83: 2.7.15 | B83: CURVA 90 GRAUS, PVC, SOLDÁVEL, DN 25MM, INSTALADO EM RAMAL OU SUB-RAMAL DE ÁGUA - FORNECIMENTO E INSTALAÇÃO. AF_12/2014. | C83: unid. | D83: 4 | E83: =H83*I83 -> 9.3561636 | F83: =E83*D83 -> 37.424654 | G83: SINAPI 89364 | H83: ='CUSTO UNITÁRIO'!G388 -> 7.25284 | I83: 1.29 | J83: =F83/F118% -> 0.033965312
A84: 2.7.16 | B84: JOELHO 90 GRAUS, PVC, SOLDÁVEL, DN 25MM, INSTALADO EM PRUMADA DE ÁGUA - FORNECIMENTO E INSTALAÇÃO. AF_12/2014 | C84: unid. | D84: 4 | E84: =H84*I84 -> 3.770541 | F84: =E84*D84 -> 15.082164 | G84: SINAPI 89481 | H84: ='CUSTO UNITÁRIO'!G397 -> 2.9229 | I84: 1.29 | J84: =F84/F118% -> 0.013688046
A85: 2.7.17 | B85: Caixa em alvenaria de 40x40x50cm c/ tpo. concreto | C85: unid. | D85: 2 | E85: =H85*I85 -> 287.72173 | F85: =E85*D85 -> 575.44346 | G85: SEDOP 180413 | H85: ='CUSTO UNITÁRIO'!G408 -> 223.0401 | I85: 1.29 | J85: =F85/F118% -> 0.52225242
A86: 2.7.18 | B86: Caixa em alvenaria de 60x60x80cm c/ tpo. concreto | C86: unid. | D86: 1 | E86: =H86*I86 -> 571.53191 | F86: =E86*D86 -> 571.53191 | G86: SEDOP 180352 | H86: ='CUSTO UNITÁRIO'!G419 -> 443.04799 | I86: 1.29 | J86: =F86/F118% -> 0.51870244
A87: 2.7.19 | B87: Reservatório em Fibra de Vidro - Capac. 10.000 litros | C87: unid. | D87: 1 | E87: =H87*I87 -> 8021.2071 | F87: =E87*D87 -> 8021.2071 | G87: SEDOP 180838 | H87: ='CUSTO UNITÁRIO'!G431 -> 6217.99 | I87: 1.29 | J87: =F87/F118% -> 7.279768
A88: 2.8 | B88: PAVIMENTAÇÃO: | F88: =SUM(F89) -> 327.74394 | J88: =F88/F118% -> 0.29744897
A89: 2.8.1 | B89: PISO CIMENTADO, TRAÇO 1:3 (CIMENTO E AREIA), ACABAMENTO LISO, ESPESSURA 3,0 CM, PREPARO MECÂNICO DA ARGAMASSA. AF_06/2018 | C89: m² | D89: 7.2 | E89: =H89*I89 -> 45.519991 | F89: =E89*D89 -> 327.74394 | G89: SINAPI 98680 | H89: ='CUSTO UNITÁRIO'!G439 -> 35.286815 | I89: 1.29 | J89: =F89/F118% -> 0.29744897
A90: 2.9 | B90: ESTRUTURA EM MADEIRA PARA O RESERVATÓRIO ELEVADO | F90: =SUM(F91,F101,F115) -> 15481.988 | J90: =F90/F118% -> 14.050912
A91: * | B91: MADEIRA: | F91: =SUM(F92:F100) -> 12839.325 | H91: * | J91: =F91/F118% -> 11.652524
A92: 2.9.1 | B92: Esteio em Madeira -> (0,25m x 0,25m x 7,00m) - Fonecimento e Execução. | C92: unid. | D92: 5 | E92: =H92*I92 -> 1244.4469 | F92: =E92*D92 -> 6222.2344 | G92: *COTAÇÃO LOCAL | H92: ='CUSTO UNITÁRIO DAS LOJAS LOCAIS'!K33 -> 964.6875 | I92: 1.29 | J92: =F92/F118% -> 5.647083
A93: 2.9.2 | B93: Peça em Madeira -> (0,10m x 0,20m x 6,00m) - Fonecimento e Execução. | C93: unid. | D93: 2 | E93: =H93*I93 -> 327.402 | F93: =E93*D93 -> 654.804 | G93: *COTAÇÃO LOCAL | H93: ='CUSTO UNITÁRIO DAS LOJAS LOCAIS'!K35 -> 253.8 | I93: 1.29 | J93: =F93/F118% -> 0.59427729
A94: 2.9.3 | B94: Peça em Madeira -> (0,10m x 0,20m x 4,50m) - Fonecimento e Execução. | C94: unid. | D94: 4 | E94: =H94*I94 -> 262.9665 | F94: =E94*D94 -> 1051.866 | G94: *COTAÇÃO LOCAL | H94: ='CUSTO UNITÁRIO DAS LOJAS LOCAIS'!K37 -> 203.85 | I94: 1.29 | J94: =F94/F118% -> 0.95463692
A95: 2.9.4 | B95: Peça em Madeira -> (0,075m x 0,15m x 4,00m) - Fonecimento e Execução. | C95: unid. | D95: 8 | E95: =H95*I95 -> 107.68275 | F95: =E95*D95 -> 861.462 | G95: *COTAÇÃO LOCAL | H95: ='CUSTO UNITÁRIO DAS LOJAS LOCAIS'!K39 -> 83.475 | I95: 1.29 | J95: =F95/F118% -> 0.78183288
A96: 2.9.5 | B96: Peça em Madeira -> (0,06m x 0,12m x 4,50m) - Fonecimento e Execução. | C96: unid. | D96: 10 | E96: =H96*I96 -> 80.66628 | F96: =E96*D96 -> 806.6628 | G96: *COTAÇÃO LOCAL | H96: ='CUSTO UNITÁRIO DAS LOJAS LOCAIS'!K41 -> 62.532 | I96: 1.29 | J96: =F96/F118% -> 0.73209904
A97: 2.9.6 | B97: Pernamanca -> (0,075m x 0,05m x 5,00m) - Fonecimento e Execução. | C97: unid. | D97: 15 | E97: =H97*I97 -> 41.941125 | F97: =E97*D97 -> 629.11688 | G97: *COTAÇÃO LOCAL | H97: ='CUSTO UNITÁRIO DAS LOJAS LOCAIS'!K43 -> 32.5125 | I97: 1.29 | J97: =F97/F118% -> 0.57096455
A98: 2.9.7 | B98: Pranchinha -> (0,035m x 0,20m x 4,50m) - Fonecimento e Execução. | C98: unid. | D98: 20 | E98: =H98*I98 -> 81.473175 | F98: =E98*D98 -> 1629.4635 | G98: *COTAÇÃO LOCAL | H98: ='CUSTO UNITÁRIO DAS LOJAS LOCAIS'!K45 -> 63.1575 | I98: 1.29 | J98: =F98/F118% -> 1.4788443
A99: 2.9.8 | B99: Tábua -> (0,025m x 0,20m x 4,50m) - Fonecimento e Execução. | C99: unid. | D99: 16 | E99: =H99*I99 -> 54.712125 | F99: =E99*D99 -> 875.394 | G99: *COTAÇÃO LOCAL | H99: ='CUSTO UNITÁRIO DAS LOJAS LOCAIS'!K47 -> 42.4125 | I99: 1.29 | J99: =F99/F118% -> 0.79447708
A100: 2.9.9 | B100: Ripão -> (0,025m x 0,10m x 4,50m) - Fonecimento e Execução. | C100: unid. | D100: 4 | E100: =H100*I100 -> 27.080325 | F100: =E100*D100 -> 108.3213 | G100: *COTAÇÃO LOCAL | H100: ='CUSTO UNITÁRIO DAS LOJAS LOCAIS'!K49 -> 20.9925 | I100: 1.29 | J100: =F100/F118% -> 0.098308636
A101: * | B101: FERRAGENS: | F101: =SUM(F102:F106) -> 331.32941 | J101: =F101/F118% -> 0.30070302
A102: 2.9.10 | B102: Barra de Parafuso Ø 3/8'de 100m (0,25m x 48unid.) - Fonecimento e Execução. | C102: unid. | D102: 12 | E102: =H102*I102 -> 10.75 | F102: =E102*D102 -> 129 | G102: *COTAÇÃO LOCAL | H102: ='CUSTO UNITÁRIO DAS LOJAS LOCAIS'!K23 -> 8.3333333 | I102: 1.29 | J102: =F102/F118% -> 0.1170759
A103: 2.9.11 | B103: Porca Sextavada Ø 3/8' (48unid x 2unid.) - Fonecimento e Execução. | C103: unid. | D103: 96 | E103: =H103*I103 -> 0.5762 | F103: =E103*D103 -> 55.3152 | G103: *COTAÇÃO LOCAL | H103: ='CUSTO UNITÁRIO DAS LOJAS LOCAIS'!K25 -> 0.44666667 | I103: 1.29 | J103: =F103/F118% -> 0.050202147
A104: 2.9.12 | B104: Arruela Ø 3/8' (48unid x 2unid.) - Fonecimento e Execução. | C104: unid. | D104: 96 | E104: =H104*I104 -> 0.559 | F104: =E104*D104 -> 53.664 | G104: *COTAÇÃO LOCAL | H104: ='CUSTO UNITÁRIO DAS LOJAS LOCAIS'!K27 -> 0.43333333 | I104: 1.29 | J104: =F104/F118% -> 0.048703576
A105: 2.9.13 | B105: Prego 17x27 | C105: kg | D105: 3 | E105: =H105*I105 -> 23.469615 | F105: =E105*D105 -> 70.408845 | G105: *COTAÇÃO LOCAL | H105: ='CUSTO UNITÁRIO DAS LOJAS LOCAIS'!K51 -> 18.1935 | I105: 1.29 | J105: =F105/F118% -> 0.063900613
...

Sheet CUSTO UNITÁRIO
A7: PROPRIETÁRIO: MUNICÍPIO DE ITAITUBA | D7: TABELA SINAPI/PA - 08/2019 e SEDOP/PA - 04/2019 COM DESONERAÇÃO | G7: 43738
A8: ORÇAMENTO SINTÉTICO DE MATERIAL E MÃO DE OBRA PARA A PERFURAÇÃO DE 80 METROS LINEARES EM SOLO E ROCHAS SEDIMENTARES; TENDO COMO INCLUSÃO NESTA PLANILHA ORÇAMENTÁRIA A ÁREA DE PROTEÇÃO; RESERVATÓRIO ELEVADO E DISTRIBUIÇÃO LOCAL DE ÁGUA FRIA COM 05 (CINCO) TORNEIRAS PARA ATENDER AO PÚBLICO DAS PROXIMIDADES, QUE SERÁ IMPLANTADO NA COMUNIDADE AMAZONAS, LOCALIZADOS NO MUNICÍPIO DE ITAITUBA, ESTADO DO PARÁ.
A10: 1.1.1. 72872 - MOBILIZACAO E INSTALACAO DE 01 EQUIPAMENTO DE SONDAGEM, DISTANCIA DE 10KM ATE 20KM - UND
A11: MATERIAL | C11: FONTE | D11: UNID | E11: COEFICENTE | F11: PREÇO UNITÁRIO | G11: TOTAL
A12: 5824 | B12: CAMINHÃO TOCO, PBT 16.000 KG, CARGA ÚTIL MÁX. 10.685 KG, DIST. ENTRE EIXOS 4,8 M, POTÊNCIA 189 CV, INCLUSIVE CARROCERIA FIXA ABERTA DE MADEIRA P/ TRANSPORTE GERAL DE CARGA SECA, DIMEN. APROX. 2,5 X 7,00 X 0,50 M - CHP DIURNO. AF_06/2014 | C12: SINAPI | D12: CHP | E12: 2,0000000 | F12: 137.46 | G12: =F12*E12 -> 274.92
A13: 88316 | B13: SERVENTE COM ENCARGOS COMPLEMENTARES | C13: SINAPI | D13: H | E13: 8,0000000 | F13: 13.58 | G13: =F13*E13 -> 108.64
A14: 88322 | B14: TÉCNICO DE SONDAGEM COM ENCARGOS COMPLEMENTARES | C14: SINAPI | D14: H | E14: 4 | F14: 18.03 | G14: =F14*E14 -> 72.12
F15: TOTAL C/ ENCARGOS S/ BDI | G15: =SUM(G12:G14) -> 455.68
A16: 1.1.2. 99059 -LOCACAO CONVENCIONAL DE OBRA, UTILIZANDO GABARITO DE TÁBUAS CORRIDAS PONTALETADAS A CADA 2,00M - 2 UTILIZAÇÕES.- m
A17: MATERIAL | C17: FONTE | D17: UNID | E17: COEFICENTE | F17: PREÇO UNITÁRIO | G17: TOTAL
A18: 4417 | B18: SARRAFO DE MADEIRA NAO APARELHADA *2,5 X 7* CM, MACARANDUBA, ANGELIM OU EQUIVALENTE DA REGIAO | C18: SINAPI | D18: M | E18: 0,7445000 | F18: 4.74 | G18: =F18*E18 -> 3.52893
A19: 4433 | B19: PECA DE MADEIRA NAO APARELHADA *7,5 X 7,5* CM (3 X 3 ") MACARANDUBA, ANGELIM OU EQUIVALENTE DA REGIAO | C19: SINAPI | D19: M | E19: 0,4125000 | F19: 10.9 | G19: =F19*E19 -> 4.49625
A20: 5068 | B20: PREGO DE ACO POLIDO COM CABECA 17 X 21 (2 X 11) | C20: SINAPI | D20: KG | E20: 0,1110000 | F20: 10.68 | G20: =F20*E20 -> 1.18548
A21: 7356 | B21: TINTA ACRILICA PREMIUM, COR BRANCO FOSCO | C21: SINAPI | D21: L | E21: 0,0256000 | F21: 21 | G21: =F21*E21 -> 0.5376
A22: 10567 | B22: TABUA DE MADEIRA NAO APARELHADA *2,5 X 23* CM (1 x 9 ") PINUS, MISTA OU EQUIVALENTE DA REGIAO | C22: SINAPI | D22: M | E22: 0,5500000 | F22: 5,97 | G22: =F22*E22 -> 3.2835
A23: 88239 | B23: AJUDANTE DE CARPINTEIRO COM ENCARGOS COMPLEMENTARES | C23: SINAPI | D23: H | E23: 0,3563000 | F23: 14.39 | G23: =F23*E23 -> 5.127157
A24: 88262 | B24: CARPINTEIRO DE FORMAS COM ENCARGOS COMPLEMENTARES | C24: SINAPI | D24: H | E24: 0,7125000 | F24: 17.1 | G24: =F24*E24 -> 12.18375
A25: 91692 | B25: SERRA CIRCULAR DE BANCADA COM MOTOR ELÉTRICO POTÊNCIA DE 5HP, COM COIFA PARA DISCO 10" - CHP DIURNO. AF_08/2015 | C25: SINAPI | D25: CHP | E25: 0,0039000 | F25: 20.24 | G25: =F25*E25 -> 0.078936
A26: 91693 | B26: SERRA CIRCULAR DE BANCADA COM MOTOR ELÉTRICO POTÊNCIA DE 5HP, COM COIFA PARA DISCO 10" - CHI DIURNO. AF_08/2015 | C26: SINAPI | D26: CHI | E26: 0,0168000 | F26: 17.09 | G26: =F26*E26 -> 0.287112
A27: 94974 | B27: CONCRETO MAGRO PARA LASTRO, TRAÇO 1:4,5:4,5 (CIMENTO/ AREIA MÉDIA/ BRITA 1) - PREPARO MANUAL. AF_07/2016 | C27: SINAPI | D27: M3 | E27: 0,0046000 | F27: 376.38 | G27: =F27*E27 -> 1.731348
A28: 99062 | B28: MARCAÇÃO DE PONTOS EM GABARITO OU CAVALETE. AF_10/2018 | C28: SINAPI | D28: UN | E28: 1,5000000 | F28: 1.59 | G28: =F28*E28 -> 2.385
F29: TOTAL C/ ENCARGOS S/ BDI | G29: =SUM(G18:G28) -> 34.825063
A30: 1.1.3. 010004 -Placa da obra em chapa galvanizada. 2,00x1,20m.- m²
A31: MATERIAL | C31: FONTE | D31: UNID | E31: COEFICENTE | F31: PREÇO UNITÁRIO | G31: TOTAL
A32: O00005 | B32: CARPINTEIRO DE FORMAS COM ENCARGOS COMPLEMENTARES | C32: SEDOP | D32: H | E32: 3 | F32: 17.25 | G32: =F32*E32 -> 51.75
A33: O00001 | B33: PINTOR COM ENCARGOS COMPLEMENTARES | C33: SEDOP | D33: H | E33: 8.958 | F33: 17.29 | G33: =F33*E33 -> 154.88382
A34: O00006 | B34: SERVENTE COM ENCARGOS COMPLEMENTARES | C34: SEDOP | D34: H | E34: 6 | F34: 13.78 | G34: =F34*E34 -> 82.68
A35: D00034 | B35: Chapa de fo go no 26 (1,00x2,00m) | C35: SEDOP | D35: Gh | E35: 0.5 | F35: 55.14 | G35: =F35*E35 -> 27.57
A36: P00016 | B36: Fundo antioxido cromato de zinco | C36: SEDOP | D36: GL | E36: 0.033 | F36: 93.12 | G36: =F36*E36 -> 3.07296
A37: P00019 | B37: Tinta esmalte | C37: SEDOP | D37: GL | E37: 0.066 | F37: 95.21 | G37: =F37*E37 -> 6.28386
A38: D00019 | B38: Régua 3"x1" 4 m apar. | C38: SEDOP | D38: DZ | E38: 0.17 | F38: 183.5 | G38: =F38*E38 -> 31.195
A39: D00281 | B39: Pernamanca 3" x 2" 4 m - madeira branca | C39: SEDOP | D39: DZ | E39: 0.16 | F39: 135.27 | G39: =F39*E39 -> 21.6432
A40: D00082 | B40: Prego 2"x11 | C40: SEDOP | D40: KG | E40: 0.1 | F40: 10.78 | G40: =F40*E40 -> 1.078
F41: VALOR C/ LEI DE ENCARGOS: H: 89,42% OU M: 49,63% | G41: =SUM(G32:G40) -> 380.15684
F42: TOTAL C/ ENCARGOS S/ BDI | G42: =SUM(G41) -> 380.15684
A43: 1.1.4. 73859/2 -CAPINA E LIMPEZA MANUAL DE TERRENO - m²
A44: MATERIAL | C44: FONTE | D44: UNID | E44: COEFICENTE | F44: PREÇO UNITÁRIO | G44: TOTAL
A45: 88316 | B45: SERVENTE COM ENCARGOS COMPLEMENTARES | C45: SINAPI | D45: H | E45: 0.08 | F45: 13.58 | G45: =F45*E45 -> 1.0864
F46: TOTAL C/ ENCARGOS S/ BDI | G46: =SUM(G45) -> 1.0864
A47: 1.2.1. 74163/001 -Perfuração de poço com perfuratriz (com diâmetro DN 10 ") - m
A48: MATERIAL | C48: FONTE | D48: UNID | E48: COEFICENTE | F48: PREÇO UNITÁRIO | G48: TOTAL
A49: 4780 | B49: LOCACAO DE PERFURATRIZ PNEUMATICA DE PESO MEDIO, * 24 * KG, PARA ROCHA | C49: SINAPI | D49: H | E49: 0,3600000 | F49: 2,92 | G49: =F49*E49 -> 1.0512
A50: 88241 | B50: AJUDANTE DE OPERAÇÃO EM GERAL COM ENCARGOS COMPLEMENTARES | C50: SINAPI | D50: H | E50: 0,7200000 | F50: 13.56 | G50: =F50*E50 -> 9.7632
A51: 88292 | B51: OPERADOR DE COMPRESSOR OU COMPRESSORISTA COM ENCARGOS COMPLEMENTARES | C51: SINAPI | D51: H | E51: 0,3600000 | F51: 15.79 | G51: =F51*E51 -> 5.6844
A52: 88297 | B52: OPERADOR DE MÁQUINAS E EQUIPAMENTOS COM ENCARGOS COMPLEMENTARES | C52: SINAPI | D52: H | E52: 0,3600000 | F52: 17 | G52: =F52*E52 -> 6.12
A53: 90972 | B53: COMPRESSOR DE AR REBOCAVEL, VAZÃO 250 PCM, PRESSAO DE TRABALHO 102 PSI, MOTOR A DIESEL POTÊNCIA 81 CV - CHP DIURNO. AF_06/2015 | C53: SINAPI | D53: CHP | E53: 0.36 | F53: 49.58 | G53: =F53*E53 -> 17.8488
F54: TOTAL C/ ENCARGOS S/ BDI | G54: =SUM(G49:G53) -> 40.4676
A55: 1.3.1. 74163/002 - Perfuração de poço com perfuratriz à percussão (com diâmetro DN 8") - m
A56: MATERIAL | C56: FONTE | D56: UNID | E56: COEFICENTE | F56: PREÇO UNITÁRIO | G56: TOTAL
A57: 4778 | B57: LOCACAO DE PERFURATRIZ PNEUMATICA DE PESO MEDIO, * 18 * KG, PARA ROCHA | C57: SINAPI | D57: H | E57: 1,4000000 | F57: 2,70 | G57: =F57*E57 -> 3.78
A58: 88241 | B58: AJUDANTE DE OPERAÇÃO EM GERAL COM ENCARGOS COMPLEMENTARES | C58: SINAPI | D58: H | E58: 2,8000000 | F58: 13.56 | G58: =F58*E58 -> 37.968
A59: 88297 | B59: OPERADOR DE MÁQUINAS E EQUIPAMENTOS COM ENCARGOS COMPLEMENTARES | C59: SINAPI | D59: H | E59: 1,4000000 | F59: 17 | G59: =F59*E59 -> 23.8
F60: TOTAL C/ ENCARGOS S/ BDI | G60: =SUM(G57:G59) -> 65.548
A61: 1.4.1. 74163/001 -Perfuração de poço com perfuratriz (com diâmetro DN 10 ")- m
A62: MATERIAL | C62: FONTE | D62: UNID | E62: COEFICENTE | F62: PREÇO UNITÁRIO | G62: TOTAL
A63: 4780 | B63: LOCACAO DE PERFURATRIZ PNEUMATICA DE PESO MEDIO, * 24 * KG, PARA ROCHA | C63: SINAPI | D63: H | E63: 0,3600000 | F63: 2,92 | G63: =F63*E63 -> 1.0512
A64: 88241 | B64: AJUDANTE DE OPERAÇÃO EM GERAL COM ENCARGOS COMPLEMENTARES | C64: SINAPI | D64: H | E64: 0,7200000 | F64: 13.56 | G64: =F64*E64 -> 9.7632
A65: 88292 | B65: OPERADOR DE COMPRESSOR OU COMPRESSORISTA COM ENCARGOS COMPLEMENTARES | C65: SINAPI | D65: H | E65: 0,3600000 | F65: 15.79 | G65: =F65*E65 -> 5.6844
A66: 88297 | B66: OPERADOR DE MÁQUINAS E EQUIPAMENTOS COM ENCARGOS COMPLEMENTARES | C66: SINAPI | D66: H | E66: 0,3600000 | F66: 17 | G66: =F66*E66 -> 6.12
A67: 90972 | B67: COMPRESSOR DE AR REBOCAVEL, VAZÃO 250 PCM, PRESSAO DE TRABALHO 102 PSI, MOTOR A DIESEL POTÊNCIA 81 CV - CHP DIURNO. AF_06/2015 | C67: SINAPI | D67: CHP | E67: 0,3600000 | F67: 49.58 | G67: =F67*E67 -> 17.8488
F68: TOTAL C/ ENCARGOS S/ BDI | G68: =SUM(G63:G67) -> 40.4676
A69: 1.5.7. 171044 - Luva F°G° de 1 1/2" (IE)- und
A70: MATERIAL | C70: FONTE | D70: UNID | E70: COEFICENTE | F70: PREÇO UNITÁRIO | G70: TOTAL
A71: O00007 | B71: SERVENTE COM ENCARGOS COMPLEMENTARES | C71: SEDOP | D71: H | E71: 0.05 | F71: 13.78 | G71: =F71*E71 -> 0.689
A72: O00010 | B72: ELETRICISTA COM ENCARGOS COMPLEMENTARES | C72: SEDOP | D72: H | E72: 0.1 | F72: 17.52 | G72: =F72*E72 -> 1.752
A73: E00603 | B73: Luva p/ elet. F°G° de 1 1/2" (IE) | C73: SEDOP | D73: UND | E73: 1 | F73: 4.06 | G73: =F73*E73 -> 4.06
F74: VALOR C/ LEI DE ENCARGOS: H: 89,42% OU M: 49,63% | G74: =SUM(G71:G73) -> 6.501
F75: TOTAL C/ ENCARGOS S/ BDI | G75: =SUM(G74) -> 6.501
A76: 1.5.8. 92894 - UNIÃO, EM FERRO GALVANIZADO, DN 40 (1 1/2"), CONEXÃO ROSQUEADA, INSTALADO EM REDE DE ALIMENTAÇÃO - FORNECIMENTO E INSTALAÇÃO. AF_12/2015. - UND
A77: MATERIAL | C77: FONTE | D77: UNID | E77: COEFICENTE | F77: PREÇO UNITÁRIO | G77: TOTAL
A78: 3148 | B78: FITA VEDA ROSCA EM ROLOS DE 18 MM X 50 M (L X C) | C78: SINAPI | D78: UN | E78: 0,0190000 | F78: 7.37 | G78: =F78*E78 -> 0.14003
A79: 7307 | B79: FUNDO ANTICORROSIVO PARA METAIS FERROSOS (ZARCAO) | C79: SINAPI | D79: L | E79: 0,0050000 | F79: 19.76 | G79: =F79*E79 -> 0.0988
A80: 9884 | B80: UNIAO DE FERRO GALVANIZADO, COM ROSCA BSP, COM ASSENTO PLANO, DE 1 1/2" | C80: SINAPI | D80: UN | E80: 1,0000000 | F80: 37.31 | G80: =F80*E80 -> 37.31
A81: 88248 | B81: AUXILIAR DE ENCANADOR OU BOMBEIRO HIDRÁULICO COM ENCARGOS COMPLEMENTARES | C81: SINAPI | D81: H | E81: 0,5820000 | F81: 13.09 | G81: =F81*E81 -> 7.61838
A82: 88267 | B82: ENCANADOR OU BOMBEIRO HIDRÁULICO COM ENCARGOS COMPLEMENTARES | C82: SINAPI | D82: H | E82: 0,5820000 | F82: 16.84 | G82: =F82*E82 -> 9.80088
F83: TOTAL C/ ENCARGOS S/ BDI | G83: =SUM(G78:G82) -> 54.96809
A84: 1.5.9. 171263 - Curva 90° F°G° 1 1/2" (IE). - UND
A85: MATERIAL | C85: FONTE | D85: UNID | E85: COEFICENTE | F85: PREÇO UNITÁRIO | G85: TOTAL
A86: O00007 | B86: SERVENTE COM ENCARGOS COMPLEMENTARES | C86: SEDOP | D86: H | E86: 0.2 | F86: 13.78 | G86: =F86*E86 -> 2.756
A87: O00010 | B87: ELETRICISTA COM ENCARGOS COMPLEMENTARES | C87: SEDOP | D87: H | E87: 0.4 | F87: 17.52 | G87: =F87*E87 -> 7.008
A88: E00523 | B88: Curva 90° p/ elet F°G° 2 1/2" (IE) | C88: SEDOP | D88: UND | E88: 1 | F88: 50.79 | G88: =F88*E88 -> 50.79
F89: VALOR C/ LEI DE ENCARGOS: H: 89,42% OU M: 49,63% | G89: =SUM(G86:G88) -> 60.554
F90: TOTAL C/ ENCARGOS S/ BDI | G90: =SUM(G89) -> 60.554
A91: 1.5.10. 92373 - NIPLE, EM FERRO GALVANIZADO, DN 40 (1 1/2"), CONEXÃO ROSQUEADA, INSTALADO EM REDE DE ALIMENTAÇÃO PARA HIDRANTE - FORNECIMENTO E INSTALAÇÃO - UND
A92: MATERIAL | C92: FONTE | D92: UNID | E92: COEFICENTE | F92: PREÇO UNITÁRIO | G92: TOTAL
A93: 3148 | B93: FITA VEDA ROSCA EM ROLOS DE 18 MM X 50 M (L X C) | C93: SINAPI | D93: UN | E93: 0,0190000 | F93: 7.37 | G93: =F93*E93 -> 0.14003
A94: 4209 | B94: NIPLE DE FERRO GALVANIZADO, COM ROSCA BSP, DE 1 1/2" | C94: SINAPI | D94: UN | E94: 1,0000000 | F94: 12.17 | G94: =F94*E94 -> 12.17
A95: 7307 | B95: FUNDO ANTICORROSIVO PARA METAIS FERROSOS (ZARCAO) | C95: SINAPI | D95: L | E95: 0,0050000 | F95: 19.76 | G95: =F95*E95 -> 0.0988
A96: 88248 | B96: AUXILIAR DE ENCANADOR OU BOMBEIRO HIDRÁULICO COM ENCARGOS COMPLEMENTARES | C96: SINAPI | D96: H | E96: 0,5820000 | F96: 13.09 | G96: =F96*E96 -> 7.61838
A97: 88267 | B97: ENCANADOR OU BOMBEIRO HIDRÁULICO COM ENCARGOS COMPLEMENTARES | C97: SINAPI | D97: H | E97: 0,5820000 | F97: 16.84 | G97: =F97*E97 -> 9.80088
F98: TOTAL C/ ENCARGOS S/ BDI | G98: =SUM(G93:G97) -> 29.82809
A99: 1.5.11. 99622 - VÁLVULA DE RETENÇÃO HORIZONTAL Ø 40MM (1.1/2") - FORNECIMENTO E INSTALAÇÃO. - UND
A100: MATERIAL | C100: FONTE | D100: UNID | E100: COEFICENTE | F100: PREÇO UNITÁRIO | G100: TOTAL
A101: 3148 | B101: FITA VEDA ROSCA EM ROLOS DE 18 MM X 50 M (L X C) | C101: SINAPI | D101: UND | E101: 0.019 | F101: 7.37 | G101: =F101*E101 -> 0.14003
A102: 10409 | B102: VALVULA DE RETENCAO HORIZONTAL, DE BRONZE (PN-25), 1 1/2", 400 PSI, TAMPA DE PORCA DE UNIAO, EXTREMIDADES COM ROSCA | C102: SINAPI | D102: UN | E102: 1,0000000 | F102: 101.76 | G102: =F102*E102 -> 101.76
A103: 88267 | B103: ENCANADOR OU BOMBEIRO HIDRÁULICO COM ENCARGOS COMPLEMENTARES | C103: SINAPI | D103: H | E103: 0.789 | F103: 16.84 | G103: =F103*E103 -> 13.28676
A104: 88316 | B104: SERVENTE COM ENCARGOS COMPLEMENTARES | C104: SINAPI | D104: H | E104: 0.789 | F104: 13.09 | G104: =F104*E104 -> 10.32801
F105: TOTAL C/ ENCARGOS S/ BDI | G105: =SUM(G101:G104) -> 125.5148
A106: 1.5.12. 94497 -REGISTRO DE GAVETA BRUTO, LATÃO, ROSCÁVEL, 1 1/2, INSTALADO EM RESERVAÇÃO DE ÁGUA DE EDIFICAÇÃO QUE POSSUA RESERVATÓRIO DE FIBRA/ FIBROCIMENTO FORNECIMENTO E INSTALAÇÃO - UND
A107: MATERIAL | C107: FONTE | D107: UNID | E107: COEFICENTE | F107: PREÇO UNITÁRIO | G107: TOTAL
...

Sheet CRON. FISICO POÇO E RESERVATÓRI
A6: CRONOGRAMA FÍSICO - FINACEIRO DE CUSTO | J6: CRONOGRAMA FISICO FINANCEIRO
A7: ORÇAMENTO SINTETICO DE MATERIAL DE MÃO DE OBRA PARA A PERFURAÇÃO DE 80 METROS LINEARES EM SOLO E ROCHAS SEDIMENTARES; TENDO COMO INCLUSÃO NESTA PLANILHA ORÇAMENTÁRIA A ÁREA DE PROTEÇÃO; RESERVATÓRIO ELEVADO E DISTRIBUIÇÃO LOCAL DE ÁGUA FRIA COM 05 (CINCO) TORNEIRAS PARA ATENDER AO PÚBLICO DAS PROXIMIDADES, QUE SERÁ IMPLANTADO NA COMUNIDADE AMAZONAS, LOCALIZADOS NO MUNICÍPIO DE ITAITUBA, ESTADO DO PARÁ.
J8: Data: 30/09/2.019
A9: ITEM | B9: DISCRIMINAÇÃO | C9: UNIDADE | D9: QUANTIDADE | E9: VALÔR UNITÁRIO | F9: CONTRATO p/ 03 MÊSES | G9: 30 DIAS | H9: 60 DIAS | I9: 90 DIAS | J9: TOTAL PARCIAL
A10: ='POÇO ARTESIANO; RESERVATÓRIO '!A12 -> 1.0 | B10: ='POÇO ARTESIANO; RESERVATÓRIO '!B12 -> PERFURAÇÃO DO POÇO - 80 m
A11: ='POÇO ARTESIANO; RESERVATÓRIO '!A13 -> 1.1 | B11: ='POÇO ARTESIANO; RESERVATÓRIO '!B13 -> SERVIÇOS PRELIMINARES:
A12: ='POÇO ARTESIANO; RESERVATÓRIO '!A14 -> 1.1.1 | B12: ='POÇO ARTESIANO; RESERVATÓRIO '!B14 -> MOBILIZACAO E INSTALACAO DE 01 EQUIPAMENTO DE SONDAGEM, DISTANCIA DE 10KM ATE 20KM. | C12: ='POÇO ARTESIANO; RESERVATÓRIO '!C14 -> und. | D12: ='POÇO ARTESIANO; RESERVATÓRIO '!D14 -> 1 | E12: ='POÇO ARTESIANO; RESERVATÓRIO '!E14 -> 587.8272 | F12: 1 | G12: 1 | H12: - | I12: - | J12: 1
F13: =E12*D12 -> 587.8272 | G13: =F13 -> 587.8272 | H13: - | I13: - | J13: =SUM(G13) -> 587.8272
A14: ='POÇO ARTESIANO; RESERVATÓRIO '!A15 -> 1.1.2 | B14: ='POÇO ARTESIANO; RESERVATÓRIO '!B15 -> LOCACAO CONVENCIONAL DE OBRA, UTILIZANDO GABARITO DE TÁBUAS CORRIDAS PONTALETADAS A CADA 2,00M - 2 UTILIZAÇÕES. | C14: ='POÇO ARTESIANO; RESERVATÓRIO '!C15 -> m | D14: ='POÇO ARTESIANO; RESERVATÓRIO '!D15 -> 120 | E14: ='POÇO ARTESIANO; RESERVATÓRIO '!E15 -> 44.924331 | F14: 1 | G14: 1 | H14: - | I14: - | J14: 1
F15: =E14*D14 -> 5390.9198 | G15: =F15 -> 5390.9198 | H15: - | I15: - | J15: =G15 -> 5390.9198
A16: ='POÇO ARTESIANO; RESERVATÓRIO '!A16 -> 1.1.3 | B16: ='POÇO ARTESIANO; RESERVATÓRIO '!B16 -> Placa da obra em chapa galvanizada. 2,00x1,20m. | C16: ='POÇO ARTESIANO; RESERVATÓRIO '!C16 -> m² | D16: ='POÇO ARTESIANO; RESERVATÓRIO '!D16 -> 2 | E16: ='POÇO ARTESIANO; RESERVATÓRIO '!E16 -> 490.40232 | F16: 1 | G16: 1 | H16: - | I16: - | J16: 1
F17: =E16*D16 -> 980.80465 | G17: =F17 -> 980.80465 | H17: - | I17: - | J17: =G17 -> 980.80465
A18: ='POÇO ARTESIANO; RESERVATÓRIO '!A17 -> 1.1.4 | B18: ='POÇO ARTESIANO; RESERVATÓRIO '!B17 -> LIMPEZA MANUAL DO TERRENO (C/ RASPAGEM SUPERFICIAL) | C18: ='POÇO ARTESIANO; RESERVATÓRIO '!C17 -> m² | D18: ='POÇO ARTESIANO; RESERVATÓRIO '!D17 -> 120 | E18: ='POÇO ARTESIANO; RESERVATÓRIO '!E17 -> 1.401456 | F18: 1 | G18: 1 | H18: - | I18: - | J18: 1
F19: =D18*E18 -> 168.17472 | G19: =F19 -> 168.17472 | H19: - | I19: - | J19: =SUM(G19) -> 168.17472
A20: ='POÇO ARTESIANO; RESERVATÓRIO '!A18 -> 1.2 | B20: ='POÇO ARTESIANO; RESERVATÓRIO '!B18 -> PERFURAÇÃO EM SOLO E ROCHAS SEDIMENTARES
A21: ='POÇO ARTESIANO; RESERVATÓRIO '!A19 -> 1.2.1 | B21: ='POÇO ARTESIANO; RESERVATÓRIO '!B19 -> Perfuração de poço com perfuratriz (com diâmetro DN 10 ") | C21: ='POÇO ARTESIANO; RESERVATÓRIO '!C19 -> m | D21: ='POÇO ARTESIANO; RESERVATÓRIO '!D19 -> 80 | E21: ='POÇO ARTESIANO; RESERVATÓRIO '!E19 -> 52.203204 | F21: 1 | G21: 1 | H21: - | I21: - | J21: 1
F22: =E21*D21 -> 4176.2563 | G22: =F22 -> 4176.2563 | H22: - | I22: - | J22: =SUM(G22) -> 4176.2563
A23: ='POÇO ARTESIANO; RESERVATÓRIO '!A20 -> 1.3 | B23: ='POÇO ARTESIANO; RESERVATÓRIO '!B20 -> PERFURAÇÃO EM ROCHA:
A24: ='POÇO ARTESIANO; RESERVATÓRIO '!A21 -> 1.3.1 | B24: ='POÇO ARTESIANO; RESERVATÓRIO '!B21 -> Perfuração de poço com perfuratriz à percussão (com diâmetro DN 8") | C24: ='POÇO ARTESIANO; RESERVATÓRIO '!C21 -> m | D24: ='POÇO ARTESIANO; RESERVATÓRIO '!D21 -> 70 | E24: ='POÇO ARTESIANO; RESERVATÓRIO '!E21 -> 84.55692 | F24: 1 | G24: 1 | H24: - | I24: - | J24: 1
F25: =E24*D24 -> 5918.9844 | G25: =F25 -> 5918.9844 | H25: - | I25: - | J25: =G25 -> 5918.9844
A26: ='POÇO ARTESIANO; RESERVATÓRIO '!A22 -> 1.4 | B26: ='POÇO ARTESIANO; RESERVATÓRIO '!B22 -> ALARGAMENTO DO FURO:
A27: ='POÇO ARTESIANO; RESERVATÓRIO '!A23 -> 1.4.1 | B27: ='POÇO ARTESIANO; RESERVATÓRIO '!B23 -> Perfuração de poço com perfuratriz à percussão (com diâmetro DN10") | C27: ='POÇO ARTESIANO; RESERVATÓRIO '!C23 -> m | D27: ='POÇO ARTESIANO; RESERVATÓRIO '!D23 -> 60 | E27: ='POÇO ARTESIANO; RESERVATÓRIO '!E23 -> 52.203204 | F27: 1 | G27: 1 | H27: - | I27: - | J27: 1
F28: =D27*E27 -> 3132.1922 | G28: =F28 -> 3132.1922 | H28: - | I28: - | J28: =SUM(G28) -> 3132.1922
A29: ='POÇO ARTESIANO; RESERVATÓRIO '!A24 -> 1.5 | B29: ='POÇO ARTESIANO; RESERVATÓRIO '!B24 -> FORNECIMENTO E INSTALAÇÃO TUBO DE RECALQUE
A30: ='POÇO ARTESIANO; RESERVATÓRIO '!A25 -> 1.5.1 | B30: ='POÇO ARTESIANO; RESERVATÓRIO '!B25 -> TUBO GEO. 150x4mt, Ø6". | C30: ='POÇO ARTESIANO; RESERVATÓRIO '!C25 -> m | D30: ='POÇO ARTESIANO; RESERVATÓRIO '!D25 -> 48 | E30: ='POÇO ARTESIANO; RESERVATÓRIO '!E25 -> 502.24 | F30: 1 | G30: 0.5 | H30: 0.5 | I30: - | J30: 1
F31: =E30*D30 -> 24107.52 | G31: =F31*G30 -> 12053.76 | H31: =F31*H30 -> 12053.76 | I31: - | J31: =SUM(H31,G31) -> 24107.52
A32: ='POÇO ARTESIANO; RESERVATÓRIO '!A26 -> 1.5.2 | B32: ='POÇO ARTESIANO; RESERVATÓRIO '!B26 -> MOTOBOMBA LEÃO 5CV 4R8PB-18 350/38 | C32: ='POÇO ARTESIANO; RESERVATÓRIO '!C26 -> und. | D32: ='POÇO ARTESIANO; RESERVATÓRIO '!D26 -> 1 | E32: ='POÇO ARTESIANO; RESERVATÓRIO '!E26 -> 8299 | F32: 1 | G32: 0.5 | H32: 0.5 | I32: - | J32: 1
F33: =E32*D32 -> 8299 | G33: =F33*G32 -> 4149.5 | H33: =F33*H32 -> 4149.5 | I33: - | J33: =SUM(G33:H33) -> 8299
A34: ='POÇO ARTESIANO; RESERVATÓRIO '!A27 -> 1.5.3 | B34: ='POÇO ARTESIANO; RESERVATÓRIO '!B27 -> TUBO ROSCAVEL 1.1/2. | C34: ='POÇO ARTESIANO; RESERVATÓRIO '!C27 -> m | D34: ='POÇO ARTESIANO; RESERVATÓRIO '!D27 -> 72 | E34: ='POÇO ARTESIANO; RESERVATÓRIO '!E27 -> 117.39 | F34: 1 | G34: 0.5 | H34: 0.5 | I34: - | J34: 1
F35: =E34*D34 -> 8452.08 | G35: =F35*G34 -> 4226.04 | H35: =F35*H34 -> 4226.04 | I35: - | J35: =SUM(G35:H35) -> 8452.08
A36: ='POÇO ARTESIANO; RESERVATÓRIO '!A28 -> 1.5.4 | B36: ='POÇO ARTESIANO; RESERVATÓRIO '!B28 -> CORDA BRANCA TRANÇADA 12MM | C36: ='POÇO ARTESIANO; RESERVATÓRIO '!C28 -> m | D36: ='POÇO ARTESIANO; RESERVATÓRIO '!D28 -> 90 | E36: ='POÇO ARTESIANO; RESERVATÓRIO '!E28 -> 4.945 | F36: 1 | G36: 0.5 | H36: 0.5 | I36: - | J36: 1
F37: =E36*D36 -> 445.05 | G37: =F37*G36 -> 222.525 | H37: =F37*H36 -> 222.525 | I37: - | J37: =SUM(G37:H37) -> 445.05
A38: ='POÇO ARTESIANO; RESERVATÓRIO '!A29 -> 1.5.5 | B38: ='POÇO ARTESIANO; RESERVATÓRIO '!B29 -> FITA AUTO FUSÃO 10M | C38: ='POÇO ARTESIANO; RESERVATÓRIO '!C29 -> und. | D38: ='POÇO ARTESIANO; RESERVATÓRIO '!D29 -> 1 | E38: ='POÇO ARTESIANO; RESERVATÓRIO '!E29 -> 49.45 | F38: 1 | G38: 0.5 | H38: 0.5 | I38: - | J38: 1
F39: =E38*D38 -> 49.45 | G39: =F39*G38 -> 24.725 | H39: =F39*H38 -> 24.725 | I39: - | J39: =SUM(G39:H39) -> 49.45
A40: ='POÇO ARTESIANO; RESERVATÓRIO '!A30 -> 1.5.6 | B40: ='POÇO ARTESIANO; RESERVATÓRIO '!B30 -> FITA VEDA ROSCA 18X50mts | C40: ='POÇO ARTESIANO; RESERVATÓRIO '!C31 -> und. | D40: ='POÇO ARTESIANO; RESERVATÓRIO '!D30 -> 4 | E40: ='POÇO ARTESIANO; RESERVATÓRIO '!E30 -> 10.75 | F40: 1 | G40: 0.5 | H40: 0.5 | I40: - | J40: 1
F41: =E40*D40 -> 43 | G41: =F41*G40 -> 21.5 | H41: =F41*H40 -> 21.5 | I41: - | J41: =SUM(G41:H41) -> 43
A42: ='POÇO ARTESIANO; RESERVATÓRIO '!A31 -> 1.5.7 | B42: ='POÇO ARTESIANO; RESERVATÓRIO '!B31 -> Luva F°G° de 1 1/2" (IE) | C42: ='POÇO ARTESIANO; RESERVATÓRIO '!C31 -> und. | D42: ='POÇO ARTESIANO; RESERVATÓRIO '!D31 -> 12 | E42: ='POÇO ARTESIANO; RESERVATÓRIO '!E31 -> 8.38629 | F42: 1 | G42: 0.5 | H42: 0.5 | I42: - | J42: 1
F43: =E42*D42 -> 100.63548 | G43: =F43*G42 -> 50.31774 | H43: =F43*H42 -> 50.31774 | I43: - | J43: =SUM(G43:H43) -> 100.63548
A44: ='POÇO ARTESIANO; RESERVATÓRIO '!A32 -> 1.5.8 | B44: ='POÇO ARTESIANO; RESERVATÓRIO '!B32 -> UNIÃO, EM FERRO GALVANIZADO, DN 40 (1 1/2"), CONEXÃO ROSQUEADA, INSTALADO EM REDE DE ALIMENTAÇÃO - FORNECIMENTO E INSTALAÇÃO. AF_12/2015 | C44: ='POÇO ARTESIANO; RESERVATÓRIO '!C32 -> und. | D44: ='POÇO ARTESIANO; RESERVATÓRIO '!D32 -> 1 | E44: ='POÇO ARTESIANO; RESERVATÓRIO '!E32 -> 70.908836 | F44: 1 | G44: 0.5 | H44: 0.5 | I44: - | J44: 1
F45: =E44*D44 -> 70.908836 | G45: =F45*G44 -> 35.454418 | H45: =F45*H44 -> 35.454418 | I45: - | J45: =SUM(G45:H45) -> 70.908836
A46: ='POÇO ARTESIANO; RESERVATÓRIO '!A33 -> 1.5.9 | B46: ='POÇO ARTESIANO; RESERVATÓRIO '!B33 -> Curva 90° F°G° 1 1/2" (IE) | C46: ='POÇO ARTESIANO; RESERVATÓRIO '!C33 -> und. | D46: ='POÇO ARTESIANO; RESERVATÓRIO '!D33 -> 1 | E46: ='POÇO ARTESIANO; RESERVATÓRIO '!E33 -> 78.11466 | F46: 1 | G46: 0.5 | H46: 0.5 | I46: - | J46: 1
F47: =E46*D46 -> 78.11466 | G47: =F47*G46 -> 39.05733 | H47: =F47*H46 -> 39.05733 | I47: - | J47: =SUM(G47:H47) -> 78.11466
A48: ='POÇO ARTESIANO; RESERVATÓRIO '!A34 -> 1.5.10 | B48: ='POÇO ARTESIANO; RESERVATÓRIO '!B34 -> NIPLE, EM FERRO GALVANIZADO, DN 40 (1 1/2"), CONEXÃO ROSQUEADA, INSTALADO EM REDE DE ALIMENTAÇÃO PARA HIDRANTE - FORNECIMENTO E INSTALAÇÃO. AF_12/2015 | C48: ='POÇO ARTESIANO; RESERVATÓRIO '!C34 -> und. | D48: ='POÇO ARTESIANO; RESERVATÓRIO '!D34 -> 2 | E48: ='POÇO ARTESIANO; RESERVATÓRIO '!E34 -> 38.478236 | F48: 1 | G48: 0.5 | H48: 0.5 | I48: - | J48: 1
F49: =E48*D48 -> 76.956472 | G49: =F49*G48 -> 38.478236 | H49: =F49*H48 -> 38.478236 | I49: - | J49: =SUM(G49:H49) -> 76.956472
A50: ='POÇO ARTESIANO; RESERVATÓRIO '!A35 -> 1.5.11 | B50: ='POÇO ARTESIANO; RESERVATÓRIO '!B35 -> VÁLVULA DE RETENÇÃO HORIZONTAL Ø 40MM (1.1/2") - FORNECIMENTO E INSTALAÇÃO. | C50: ='POÇO ARTESIANO; RESERVATÓRIO '!C35 -> und. | D50: ='POÇO ARTESIANO; RESERVATÓRIO '!D35 -> 1 | E50: ='POÇO ARTESIANO; RESERVATÓRIO '!E35 -> 161.91409 | F50: 1 | G50: 0.5 | H50: 0.5 | I50: - | J50: 1
F51: =E50*D50 -> 161.91409 | G51: =F51*G50 -> 80.957046 | H51: =F51*H50 -> 80.957046 | I51: - | J51: =SUM(G51:H51) -> 161.91409
A52: ='POÇO ARTESIANO; RESERVATÓRIO '!A36 -> 1.5.12 | B52: ='POÇO ARTESIANO; RESERVATÓRIO '!B36 -> REGISTRO DE GAVETA BRUTO, LATÃO, ROSCÁVEL, 1 1/2, INSTALADO EM RESERVAÇÃO DE ÁGUA DE EDIFICAÇÃO QUE POSSUA RESERVATÓRIO DE FIBRA/ FIBROCIMENTO FORNECIMENTO E INSTALAÇÃO. AF_06/2016. | C52: ='POÇO ARTESIANO; RESERVATÓRIO '!C36 -> und. | D52: ='POÇO ARTESIANO; RESERVATÓRIO '!D36 -> 1 | E52: ='POÇO ARTESIANO; RESERVATÓRIO '!E36 -> 109.63039 | F52: 1 | G52: 0.5 | H52: 0.5 | I52: - | J52: 1
F53: =E52*D52 -> 109.63039 | G53: =F53*G52 -> 54.815196 | H53: =F53*H52 -> 54.815196 | I53: - | J53: =SUM(G53:H53) -> 109.63039
A54: ='POÇO ARTESIANO; RESERVATÓRIO '!A37 -> 1.5.13 | B54: ='POÇO ARTESIANO; RESERVATÓRIO '!B37 -> ASSENTAMENTO DE TAMPAO DE FERRO FUNDIDO 600 MM - Tampa para poço Artesiano com furo Central de 1 1/2" | C54: ='POÇO ARTESIANO; RESERVATÓRIO '!C37 -> und. | D54: ='POÇO ARTESIANO; RESERVATÓRIO '!D37 -> 1 | E54: ='POÇO ARTESIANO; RESERVATÓRIO '!E37 -> 94.7118 | F54: 1 | G54: 0.5 | H54: 0.5 | I54: - | J54: 1
F55: =E54*D54 -> 94.7118 | G55: =F55*G54 -> 47.3559 | H55: =F55*H54 -> 47.3559 | I55: - | J55: =SUM(G55:H55) -> 94.7118
A56: ='POÇO ARTESIANO; RESERVATÓRIO '!A38 -> 1.6 | B56: ='POÇO ARTESIANO; RESERVATÓRIO '!B38 -> FORNECIMENTO E INSTALAÇÃO DE FILTROS:
A57: ='POÇO ARTESIANO; RESERVATÓRIO '!A39 -> 1.6.1 | B57: ='POÇO ARTESIANO; RESERVATÓRIO '!B39 -> FILTRO GEO STANDER 150X4MT - LUPERI | C57: ='POÇO ARTESIANO; RESERVATÓRIO '!C39 -> und. | D57: ='POÇO ARTESIANO; RESERVATÓRIO '!D39 -> 4 | E57: ='POÇO ARTESIANO; RESERVATÓRIO '!E39 -> 780.88 | F57: 1 | G57: 0.5 | H57: 0.5 | I57: - | J57: 1
F58: =E57*D57 -> 3123.52 | G58: =F58*G57 -> 1561.76 | H58: =F58*H57 -> 1561.76 | I58: - | J58: =SUM(G58:H58) -> 3123.52
A59: ='POÇO ARTESIANO; RESERVATÓRIO '!A40 -> 1.6.2 | B59: ='POÇO ARTESIANO; RESERVATÓRIO '!B40 -> FORNECIMENTO E LANCAMENTO DE BRITA N. 4" | C59: ='POÇO ARTESIANO; RESERVATÓRIO '!C40 -> m³ | D59: ='POÇO ARTESIANO; RESERVATÓRIO '!D40 -> 4 | E59: ='POÇO ARTESIANO; RESERVATÓRIO '!E40 -> 108.91083 | F59: 1 | G59: 0.5 | H59: 0.5 | I59: - | J59: 1
F60: =E59*D59 -> 435.64332 | G60: =F60*G59 -> 217.82166 | H60: =F60*H59 -> 217.82166 | I60: - | J60: =SUM(G60:H60) -> 435.64332
A61: ='POÇO ARTESIANO; RESERVATÓRIO '!A41 -> 1.7 | B61: ='POÇO ARTESIANO; RESERVATÓRIO '!B41 -> FORNECIMENTO E INSTALAÇÃO ELÉTRICAS DA BOMBA:
A62: ='POÇO ARTESIANO; RESERVATÓRIO '!A42 -> 1.7.1 | B62: ='POÇO ARTESIANO; RESERVATÓRIO '!B42 -> POSTE ACO CONICO CONTINUO CURVO SIMPLES SEM BASE C/JANELA 9M (INSPECAO) - FORNECIMENTO E INSTALACAO. | C62: ='POÇO ARTESIANO; RESERVATÓRIO '!C42 -> unid. | D62: ='POÇO ARTESIANO; RESERVATÓRIO '!D42 -> 1 | E62: ='POÇO ARTESIANO; RESERVATÓRIO '!E42 -> 1498.9671 | F62: 1 | G62: 0.5 | H62: 0.5 | I62: - | J62: 1
F63: =E62*D62 -> 1498.9671 | G63: =F63*G62 -> 749.48355 | H63: =F63*H62 -> 749.48355 | I63: - | J63: =SUM(G63:H63) -> 1498.9671
A64: ='POÇO ARTESIANO; RESERVATÓRIO '!A43 -> 1.7.2 | B64: ='POÇO ARTESIANO; RESERVATÓRIO '!B43 -> Cabo multiplex 4 x 16mm² | C64: ='POÇO ARTESIANO; RESERVATÓRIO '!C43 -> m | D64: ='POÇO ARTESIANO; RESERVATÓRIO '!D43 -> 90 | E64: ='POÇO ARTESIANO; RESERVATÓRIO '!E43 -> 10.971192 | F64: 1 | G64: 0.5 | H64: 0.5 | I64: - | J64: 1
F65: =E64*D64 -> 987.40728 | G65: =F65*G64 -> 493.70364 | H65: =F65*H64 -> 493.70364 | I65: - | J65: =SUM(G65:H65) -> 987.40728
A66: ='POÇO ARTESIANO; RESERVATÓRIO '!A44 -> 1.7.3 | B66: ='POÇO ARTESIANO; RESERVATÓRIO '!B44 -> DISJUNTOR BIPOLAR TIPO DIN, CORRENTE NOMINAL DE 20A - FORNECIMENTO E INSTALAÇÃO. AF_04/2016 | C66: ='POÇO ARTESIANO; RESERVATÓRIO '!C44 -> m | D66: ='POÇO ARTESIANO; RESERVATÓRIO '!D44 -> 2 | E66: ='POÇO ARTESIANO; RESERVATÓRIO '!E44 -> 52.740786 | F66: 1 | G66: 0.5 | H66: 0.5 | I66: - | J66: 1
F67: =E66*D66 -> 105.48157 | G67: =F67*G66 -> 52.740786 | H67: =F67*H66 -> 52.740786 | I67: - | J67: =SUM(G67:H67) -> 105.48157
A68: ='POÇO ARTESIANO; RESERVATÓRIO '!A45 -> 1.7.4 | B68: ='POÇO ARTESIANO; RESERVATÓRIO '!B45 -> Centro de distribuição p/ 06 disjuntores (s/ barramento). | C68: ='POÇO ARTESIANO; RESERVATÓRIO '!C45 -> und. | D68: ='POÇO ARTESIANO; RESERVATÓRIO '!D45 -> 1 | E68: ='POÇO ARTESIANO; RESERVATÓRIO '!E45 -> 69.8535 | F68: 1 | G68: 0.5 | H68: 0.5 | I68: - | J68: 1
F69: =E68*D68 -> 69.8535 | G69: =F69*G68 -> 34.92675 | H69: =F69*H68 -> 34.92675 | I69: - | J69: =SUM(G69:H69) -> 69.8535
A70: ='POÇO ARTESIANO; RESERVATÓRIO '!A46 -> 1.7.5 | B70: ='POÇO ARTESIANO; RESERVATÓRIO '!B46 -> ELETRODUTO RÍGIDO ROSCÁVEL, PVC, DN 50 MM (1 1/2") - FORNECIMENTO E INSTALAÇÃO. AF_12/2015. | C70: ='POÇO ARTESIANO; RESERVATÓRIO '!C46 -> m | D70: ='POÇO ARTESIANO; RESERVATÓRIO '!D46 -> 6 | E70: ='POÇO ARTESIANO; RESERVATÓRIO '!E46 -> 12.157115 | F70: 1 | G70: 0.5 | H70: 0.5 | I70: - | J70: 1
F71: =E70*D70 -> 72.942689 | G71: =F71*G70 -> 36.471344 | H71: =F71*H70 -> 36.471344 | I71: - | J71: =SUM(G71:H71) -> 72.942689
A72: ='POÇO ARTESIANO; RESERVATÓRIO '!A47 -> 1.7.6 | B72: ='POÇO ARTESIANO; RESERVATÓRIO '!B47 -> HASTE DE ATERRAMENTO 5/8 PARA SPDA - FORNECIMENTO E INSTALAÇÃO. | C72: ='POÇO ARTESIANO; RESERVATÓRIO '!C47 -> unid. | D72: ='POÇO ARTESIANO; RESERVATÓRIO '!D47 -> 2 | E72: ='POÇO ARTESIANO; RESERVATÓRIO '!E47 -> 53.313934 | F72: 1 | G72: 0.5 | H72: 0.5 | I72: - | J72: 1
F73: =E72*D72 -> 106.62787 | G73: =F73*G72 -> 53.313934 | H73: =F73*H72 -> 53.313934 | I73: - | J73: =SUM(G73:H73) -> 106.62787
A74: ='POÇO ARTESIANO; RESERVATÓRIO '!A48 -> 2.0 | B74: ='POÇO ARTESIANO; RESERVATÓRIO '!B48 -> ÁREA DE PROTEÇÃO; RESERVATÓRIO ELEVADO E DISTRIBUIÇÃO LOCAL DE ÁGUA FRIA.
A75: ='POÇO ARTESIANO; RESERVATÓRIO '!A49 -> 2.1 | B75: ='POÇO ARTESIANO; RESERVATÓRIO '!B49 -> MOVIMENTO DE TERRA:
A76: ='POÇO ARTESIANO; RESERVATÓRIO '!A50 -> 2.1.1 | B76: ='POÇO ARTESIANO; RESERVATÓRIO '!B50 -> Escavação manual ate 1.50m de profundidade. | C76: ='POÇO ARTESIANO; RESERVATÓRIO '!C50 -> m³ | D76: ='POÇO ARTESIANO; RESERVATÓRIO '!D50 -> 5.815 | E76: ='POÇO ARTESIANO; RESERVATÓRIO '!E50 -> 1.401456 | F76: 1 | G76: 0.5 | H76: 0.5 | I76: - | J76: 1
F77: =E76*D76 -> 8.1494666 | G77: =F77*G76 -> 4.0747333 | H77: =F77*H76 -> 4.0747333 | I77: - | J77: =SUM(G77:H77) -> 8.1494666
A78: ='POÇO ARTESIANO; RESERVATÓRIO '!A51 -> 2.1.2 | B78: ='POÇO ARTESIANO; RESERVATÓRIO '!B51 -> LASTRO COM PREPARO DE FUNDO, LARGURA MAIOR OU IGUAL A 1,5 M, COM CAMADA DE BRITA, LANÇAMENTO MANUAL, EM LOCAL COM NÍVEL BAIXO DE INTERFERÊNCIA. AF_06/2016. (Área Interna do Terreno do Reservatório). | C78: ='POÇO ARTESIANO; RESERVATÓRIO '!C51 -> m³ | D78: ='POÇO ARTESIANO; RESERVATÓRIO '!D51 -> 7.36 | E78: ='POÇO ARTESIANO; RESERVATÓRIO '!E51 -> 196.63885 | F78: 1 | G78: 0.5 | H78: 0.5 | I78: - | J78: 1
F79: =E78*D78 -> 1447.262 | G79: =F79*G78 -> 723.63098 | H79: =F79*H78 -> 723.63098 | I79: - | J79: =SUM(G79:H79) -> 1447.262
A80: ='POÇO ARTESIANO; RESERVATÓRIO '!A52 -> 2.2 | B80: ='POÇO ARTESIANO; RESERVATÓRIO '!B52 -> INFRAESTRUTURA:
A81: ='POÇO ARTESIANO; RESERVATÓRIO '!A53 -> 2.2.1 | B81: ='POÇO ARTESIANO; RESERVATÓRIO '!B53 -> CONCRETO CICLOPICO FCK=10MPA 30% PEDRA DE MAO INCLUSIVE LANCAMENTO. | C81: ='POÇO ARTESIANO; RESERVATÓRIO '!C53 -> m³ | D81: ='POÇO ARTESIANO; RESERVATÓRIO '!D53 -> 3.24 | E81: ='POÇO ARTESIANO; RESERVATÓRIO '!E53 -> 464.17998 | F81: 1 | G81: 0.3 | H81: 0.7 | I81: - | J81: 1
F82: =E81*D81 -> 1503.9431 | G82: =F82*G81 -> 451.18294 | H82: =F82*H81 -> 1052.7602 | I82: - | J82: =SUM(G82:H82) -> 1503.9431
A83: ='POÇO ARTESIANO; RESERVATÓRIO '!A54 -> 2.3 | B83: ='POÇO ARTESIANO; RESERVATÓRIO '!B54 -> ESTRUTURA:
A84: ='POÇO ARTESIANO; RESERVATÓRIO '!A55 -> 2.3.1 | B84: ='POÇO ARTESIANO; RESERVATÓRIO '!B55 -> CONCRETO ARMADO FCK=20MPA C/ FORMA MAD. BRANCA | C84: ='POÇO ARTESIANO; RESERVATÓRIO '!C55 -> m³ | D84: ='POÇO ARTESIANO; RESERVATÓRIO '!D55 -> 0.06 | E84: ='POÇO ARTESIANO; RESERVATÓRIO '!E55 -> 2833.0335 | F84: 1 | G84: 0.2 | H84: 0.8 | I84: - | J84: 1
F85: =E84*D84 -> 169.98201 | G85: =F85*G84 -> 33.996402 | H85: =F85*H84 -> 135.98561 | I85: - | J85: =SUM(G85:H85) -> 169.98201
A86: ='POÇO ARTESIANO; RESERVATÓRIO '!A56 -> 2.4 | B86: ='POÇO ARTESIANO; RESERVATÓRIO '!B56 -> PAREDES E PAINÉIS:
A87: ='POÇO ARTESIANO; RESERVATÓRIO '!A57 -> 2.4.1 | B87: ='POÇO ARTESIANO; RESERVATÓRIO '!B57 -> Alvenaria tijolo de barro a cutelo. | C87: ='POÇO ARTESIANO; RESERVATÓRIO '!C57 -> m² | D87: ='POÇO ARTESIANO; RESERVATÓRIO '!D57 -> 21.6 | E87: ='POÇO ARTESIANO; RESERVATÓRIO '!E57 -> 61.175154 | F87: 1 | G87: 0.1 | H87: 0.9 | I87: -
F88: =E87*D87 -> 1321.3833 | G88: =F88*G87 -> 132.13833 | H88: =F88*H87 -> 1189.245 | J88: =SUM(G88,H88) -> 1321.3833
A89: ='POÇO ARTESIANO; RESERVATÓRIO '!A58 -> 2.5 | B89: ='POÇO ARTESIANO; RESERVATÓRIO '!B58 -> REVESTIMENTO:
A90: ='POÇO ARTESIANO; RESERVATÓRIO '!A59 -> 2.5.1 | B90: ='POÇO ARTESIANO; RESERVATÓRIO '!B59 -> Chapisco de cimento e areia no traço 1:3 | C90: ='POÇO ARTESIANO; RESERVATÓRIO '!C59 -> m² | D90: ='POÇO ARTESIANO; RESERVATÓRIO '!D59 -> 36.76 | E90: ='POÇO ARTESIANO; RESERVATÓRIO '!E59 -> 11.065814 | F90: 1 | H90: 1 | I90: - | J90: 1
F91: =E90*D90 -> 406.7793 | H91: =F91*H90 -> 406.7793 | I91: - | J91: =SUM(H91) -> 406.7793
A92: ='POÇO ARTESIANO; RESERVATÓRIO '!A60 -> 2.5.2 | B92: ='POÇO ARTESIANO; RESERVATÓRIO '!B60 -> Emboço com argamassa 1:6:Adit. Plast. | C92: ='POÇO ARTESIANO; RESERVATÓRIO '!C60 -> m² | D92: ='POÇO ARTESIANO; RESERVATÓRIO '!D60 -> 7.2 | E92: ='POÇO ARTESIANO; RESERVATÓRIO '!E60 -> 38.079832 | F92: 1 | H92: 1 | I92: - | J92: 1
F93: =E92*D92 -> 274.17479 | H93: =F93*H92 -> 274.17479 | J93: =SUM(H93) -> 274.17479
A94: ='POÇO ARTESIANO; RESERVATÓRIO '!A61 -> 2.5.3 | B94: ='POÇO ARTESIANO; RESERVATÓRIO '!B61 -> Reboco com argamassa 1:6:Adit. Plast. | C94: ='POÇO ARTESIANO; RESERVATÓRIO '!C61 -> m² | D94: ='POÇO ARTESIANO; RESERVATÓRIO '!D61 -> 35.38 | E94: ='POÇO ARTESIANO; RESERVATÓRIO '!E61 -> 44.906642 | F94: 1 | H94: 1 | I94: - | J94: 1
F95: =E94*D94 -> 1588.797 | H95: =F95*H94 -> 1588.797 | I95: - | J95: =SUM(H95) -> 1588.797
A96: ='POÇO ARTESIANO; RESERVATÓRIO '!A62 -> 2.5.4 | B96: ='POÇO ARTESIANO; RESERVATÓRIO '!B62 -> Revestimento Cerâmico Padrão Médio | C96: ='POÇO ARTESIANO; RESERVATÓRIO '!C62 -> m² | D96: ='POÇO ARTESIANO; RESERVATÓRIO '!D62 -> 7.2 | E96: ='POÇO ARTESIANO; RESERVATÓRIO '!E62 -> 78.75837 | F96: 1 | H96: 1 | I96: - | J96: 1
F97: =E96*D96 -> 567.06026 | H97: =F97*H96 -> 567.06026 | I97: - | J97: =SUM(H97) -> 567.06026
A98: ='POÇO ARTESIANO; RESERVATÓRIO '!A63 -> 2.6 | B98: ='POÇO ARTESIANO; RESERVATÓRIO '!B63 -> INSTALAÇÕES ELÉTRICA DO RESEVATÓRIO E PROTEÇÃO.
A99: ='POÇO ARTESIANO; RESERVATÓRIO '!A64 -> 2.6.1 | B99: ='POÇO ARTESIANO; RESERVATÓRIO '!B64 -> PONTO DE ILUMINAÇÃO RESIDENCIAL INCLUINDO INTERRUPTOR SIMPLES CONJUGADO COM PARALELO, CAIXA ELÉTRICA, ELETRODUTO, CABO, RASGO, QUEBRA E CHUMBAMENTO (EXCLUINDO LUMINÁRIA E LÂMPADA). AF_01/2016 | C99: ='POÇO ARTESIANO; RESERVATÓRIO '!C64 -> unid. | D99: ='POÇO ARTESIANO; RESERVATÓRIO '!D64 -> 1 | E99: ='POÇO ARTESIANO; RESERVATÓRIO '!E64 -> 121.26806 | F99: 1 | G99: 0.15 | H99: 0.85 | I99: - | J99: 1
F100: =E99*D99 -> 121.26806 | G100: =F100*G99 -> 18.190209 | H100: =F100*H99 -> 103.07785 | I100: - | J100: =SUM(G100:H100) -> 121.26806
A101: ='POÇO ARTESIANO; RESERVATÓRIO '!A65 -> 2.6.2 | B101: ='POÇO ARTESIANO; RESERVATÓRIO '!B65 -> DISJUNTOR TERMOMAGNETICO MONOPOLAR PADRAO NEMA (AMERICANO) 10 A 30A 240V, FORNECIMENTO E INSTALACAO. | C101: ='POÇO ARTESIANO; RESERVATÓRIO '!C65 -> unid. | D101: ='POÇO ARTESIANO; RESERVATÓRIO '!D65 -> 2 | E101: ='POÇO ARTESIANO; RESERVATÓRIO '!E65 -> 13.069313 | F101: 1 | G101: 0.15 | H101: 0.85 | I101: - | J101: 1
F102: =E101*D101 -> 26.138625 | G102: =F102*G101 -> 3.9207938 | H102: =F102*H101 -> 22.217831 | I102: - | J102: =SUM(G102:H102) -> 26.138625
A103: ='POÇO ARTESIANO; RESERVATÓRIO '!A66 -> 2.6.3 | B103: ='POÇO ARTESIANO; RESERVATÓRIO '!B66 -> Centro de distribuição p/ 03 disjuntores (s/ barramento). | C103: ='POÇO ARTESIANO; RESERVATÓRIO '!C66 -> unid. | D103: ='POÇO ARTESIANO; RESERVATÓRIO '!D66 -> 1 | E103: ='POÇO ARTESIANO; RESERVATÓRIO '!E66 -> 52.47462 | F103: 1 | G103: 0.15 | H103: 0.85 | I103: - | J103: 1
F104: =E103*D103 -> 52.47462 | G104: =F104*G103 -> 7.871193 | H104: =F104*H103 -> 44.603427 | I104: - | J104: =SUM(G104:H104) -> 52.47462
A105: ='POÇO ARTESIANO; RESERVATÓRIO '!A67 -> 2.6.4 | B105: ='POÇO ARTESIANO; RESERVATÓRIO '!B67 -> Isolador roldana 72x72 | C105: ='POÇO ARTESIANO; RESERVATÓRIO '!C67 -> unid. | D105: ='POÇO ARTESIANO; RESERVATÓRIO '!D67 -> 4 | E105: ='POÇO ARTESIANO; RESERVATÓRIO '!E67 -> 22.72335 | F105: 1 | G105: 0.15 | H105: 0.85 | I105: - | J105: 1
...

Sheet BDI
A5: OBRA: | B5: PERFURAÇÃO DE 80 METROS LINEARES EM SOLO E ROCHAS SEDIMENTARES, RESERVATÓRIO ELEVADO E DISTRIBUIÇÃO LOCAL DE ÁGUA FRIA
A6: TOMADOR: | B6: PREFEITURA MUNICIPAL DE ITAITUBA
A7: CONTRATO:
A8: EMPREENDIMENTO: | B8: PERFURAÇÃO DE 80 METROS LINEARES EM SOLO E ROCHAS SEDIMENTARES, RESERVATÓRIO ELEVADO E DISTRIBUIÇÃO LOCAL DE ÁGUA FRIA
A9: PROGRAMA: | B9: PLANO DE TRABALHO
A10: MODALIDADE: | B10: CONSTRUÇÃO
A11: GESTOR: | B11: VALMIR CLIMACO DE AGUIAR
A12: Cálculo do BDI Fórmula e parâmetros estabelecidos pelo Acórdão 2622/2013 - TCU - Plenário
A14: DEMONSTRATIVO BDI | F14: LIMITE RECOMENDADOS
A15: ITENS | C15: SIGLAS | D15: VALORES | F15: INFERIOR | G15: SUPERIOR
A16: TAXA DE RATEIO DA ADMINISTRAÇÃO CENTRAL | C16: AC | D16: 0.055 | F16: 0.03 | G16: 0.055
A17: TAXA DE GARANTIA DO EMPREENDIMENTO | C17: G | D17: 0.0045 | F17: 0.004 | G17: 0.005
A18: TAXA DE SEGURO | C18: S | D18: 0.0045 | F18: 0.004 | G18: 0.005
A19: TAXA DE RISCO | C19: R | D19: 0.0127 | F19: 0.0097 | G19: 0.0127
A20: Sub-Total | D20: 0.0767
A21: TAXA DE DESPESAS FINANCEIRAS | C21: DF | D21: 0.01 | F21: 0.0059 | G21: 0.0139
A22: TAXA DE LUCRO | C22: L | D22: 0.0866 | F22: 0.0616 | G22: 0.0896
A23: TAXA DE TRIBUTOS | B23: PIS (geralmente 0,65%) | C23: I | D23: 0.0065 | F23: VARIÁVEL
B24: COFINS (geralmente 3,00%) | D24: 0.03
B25: ISS (legislação municipal) | D25: 0.0025
B26: CPRB (INSS) | D26: 0.045
A27: TAXA TOTAL DE IMPOSTO I | D27: 0.084
A29: BDI RESULTANTE | D29: 0.29000179 | F29: 0.25 | G29: 0.3
A31: Fórmula para o cálculo do B.D.I. ( benefícios e despesas indiretas )
A32: BDI = ((1+AC+S+R+G)(1+DF)(1+L)/(1-I))-1
